 Dungeon Crawl Stone Soup version 0.22-a0-833-g8522bf8 (webtiles) character file.

729587 Mgcat the Ruinous (level 27, -25/178 HPs)
             Began as a Gargoyle Fire Elementalist on July 21, 2018.
             Was the Champion of Vehumet.
             Killed from afar by an ancient lich (109 damage)
             ... with a crystal spear
             ... on level 5 of the Realm of Zot on July 25, 2018.
             The game lasted 06:34:22 (85862 turns).

Mgcat the Ruinous (Gargoyle Fire Elementalist)     Turns: 85862, Time: 06:34:23

Health: -25/178    AC: 37    Str: 16    XL:     27
Magic:  9/37       EV: 16    Int: 31    God:    Vehumet [******]
Gold:   4743       SH: 17    Dex:  6    Spells: 3/66 levels left

rFire    + + .     SeeInvis .   b - staff of energy {+MP, hungerless spells, !d!a@w1}
rCold    + + .     Gourm    .   Z - +2 shield of Resistance {rF+ rC+ MR+}
rNeg     + + .     Faith    .   L - +2 robe {Archmagi}
rPois    ∞         Spirit   .   P - +2 hat
rElec    +         Reflect  +   Y - +1 cloak of the Land of Plenty {*Contam +Inv Stlth+}
rCorr    .         Harm     .   u - +2 pair of gloves {Str+3}
MR       ++++.                  v - +2 pair of boots "Xentyun" {rC++ MR+}
Stlth    ++++++....             t - +2 amulet of reflection
HPRegen  0.39/turn              W - ring of fire {rF+, rC-}
MPRegen  0.25/turn              o - ring "Tygompu" {rN+ Int+5 Stlth+}

@: flying, hasted, very quick
A: big wings, horns 1, clumsy 2, dopey 1, low mp 2, negative energy resistance
1, electricity resistance, unbreathing, petrification resistance, rot immunity,
MP-powered wands, AC +20
}: 4/15 runes: serpentine, barnacled, slimy, silver
a: Stop Flying, Renounce Religion, Evoke Invisibility


You were on level 5 of the Realm of Zot.
You worshipped Vehumet.
Vehumet was exalted by your worship.
You were very hungry.

You visited 13 branches of the dungeon, and saw 59 of its levels.
You also visited: Labyrinth, Sewer and Ice Cave.

You collected 8702 gold pieces.
You spent 3959 gold pieces at shops.

Inventory:

Hand Weapons
 a - the +18 lance "Wyrmbane" {slay drac, rPois rF+ rC+ AC+3}
   (You found it on level 4 of the Dungeon)

   It affects your AC (+3).
   It protects you from fire.
   It protects you from cold.
   It protects you from poison.
Missiles
 H - 18 throwing nets {=f, !d}
Armour
 u - a +2 pair of gloves of strength (worn)
   (You found it on level 1 of the Elven Halls)
 v - the +2 pair of boots "Xentyun" (worn) {rC++ MR+}
   (You bought it in a shop on level 12 of the Dungeon)

   It greatly protects you from cold.
   It affects your resistance to hostile enchantments.
 z - a +2 cloak
   (You took it off a draconian annihilator on level 5 of the Realm of Zot)
 L - a +2 robe of the Archmagi (worn)
   (You took it off an orc sorcerer on level 2 of the Orcish Mines)
 P - a +2 hat (worn)
   (You found it on level 14 of the Dungeon)
 Y - the +1 cloak of the Land of Plenty (worn) {*Contam +Inv Stlth+}
   (You found it on level 5 of the Vaults)

   It lets you turn invisible.
   It causes magical contamination when unequipped.
   It makes you more stealthy.
 Z - the +2 shield of Resistance (worn) {rF+ rC+ MR+}
   (You found it on level 5 of the Vaults)

   It protects you from fire.
   It protects you from cold.
   It affects your resistance to hostile enchantments.
Magical Staves
 b - an uncursed staff of energy (weapon) {+MP, hungerless spells, !d!a@w1}
   (You took it off a deep elf sorcerer on level 3 of the Elven Halls)
 I - an uncursed staff of wizardry {wiz+, !a}
   (You found it in a labyrinth)
 R - an uncursed staff of fire {rF+}
   (You found it on level 5 of the Vaults)
Jewellery
 o - the ring "Tygompu" (right hand) {rN+ Int+5 Stlth+}
   (You took it off a skeletal warrior on level 3 of the Crypt)

   [ring of positive energy]

   It affects your intelligence (+5).
   It protects you from negative energy.
   It makes you more stealthy.
 t - a +2 amulet of reflection (around neck)
   (You bought it in a shop on level 1 of the Elven Halls)
 G - an uncursed ring of resist corrosion
   (You bought it in a shop on level 13 of the Dungeon)
 O - an uncursed ring of see invisible {sInv, !d}
   (You found it in a labyrinth)
 V - an uncursed amulet of regeneration {+regen, !d}
   (You found it on level 4 of the Shoals)
 W - a ring of fire (left hand) {rF+, rC-}
   (You found it in a labyrinth)
Wands
 d - a wand of clouds (7)
   (You took it off an orc on level 4 of the Vaults)
 n - a wand of digging (10)
   (You found it on level 3 of the Shoals)
 x - a wand of acid (76)
   (You found it on level 9 of the Dungeon)
Scrolls
 e - 14 scrolls of magic mapping {!r}
 i - 30 scrolls of teleportation
 l - a scroll of immolation {!r}
 m - 24 scrolls of remove curse
 q - 8 scrolls of fear
 y - a scroll of holy word {!r}
 A - 10 scrolls of blinking {!r}
 D - 2 scrolls of summoning
 J - 4 scrolls of fog
 M - 27 scrolls of identify
 N - a scroll of enchant armour
 Q - a scroll of silence
 X - 2 scrolls of amnesia
Potions
 f - 4 potions of mutation {!q}
 g - 5 potions of resistance
 h - 4 potions of heal wounds
 j - 8 potions of brilliance
 p - 11 potions of might
 r - 2 potions of agility
 s - 21 potions of curing
 B - 2 potions of haste
 C - 5 potions of ambrosia
 F - 2 potions of invisibility
 K - 5 potions of cancellation
 U - 2 potions of berserk rage {!q}
Miscellaneous
 k - a crystal ball of energy
   (You found it on level 1 of the Snake Pit)
 w - 6 phantom mirrors
 E - the horn of Geryon
   (You took it off Geryon in the Vestibule of Hell)
Comestibles
 c - 63 rations


   Skills:
 + Level 19.6 Fighting
 - Level 13.0 Polearms
 - Level 10.0 Armour
 + Level 14.4 Dodging
 - Level 10.0 Stealth
 - Level 15.0 Shields
 - Level 20.0 Spellcasting
 - Level 23.2 Conjurations
 + Level 7.9 Charms
 - Level 10.0 Summonings
 + Level 7.2 Necromancy
 - Level 22.0 Fire Magic
 - Level 10.2 Earth Magic
 - Level 12.0 Evocations


You had 3 spell levels left.
You knew the following spells:

 Your Spells              Type           Power        Failure   Level  Hunger
a - Bolt of Fire          Conj/Fire      #########.   0%          6    None
b - Fire Storm            Conj/Fire      #########.   3%          9    None
c - Conjure Flame         Conj/Fire      ########     0%          3    None
d - Sticky Flame          Conj/Fire      ########     0%          4    None
e - Fireball              Conj/Fire      #########.   0%          5    None
f - Iron Shot             Conj/Erth      ########..   1%          6    None
g - Spellforged Servitor  Conj/Summ      ########..   1%          7    None
h - Aura of Abjuration    Summ           #######...   1%          5    None
i - Swiftness             Chrm/Air       ######..     1%          2    None
j - Death's Door          Chrm/Necr      #######...   98%         8    None
k - Borgnjor's Revivific  Necr           #######...   99%         8    None

Your spell library contained the following spells:

 Spells                   Type           Power        Failure   Level  Hunger
 Cause Fear               Hex            #####.....   12%         4    None
 Magic Dart               Conj           ####         0%          1    None
 Apportation              Tloc           #####.       1%          1    None
 Lightning Bolt           Conj/Air       ########..   1%          5    None
 Bolt of Magma            Conj/Fire/Erth ########..   0%          5    None
 Slow                     Hex            #####...     1%          2    None
 Confuse                  Hex            #####...     3%          3    None
 Invisibility             Hex            #####...     87%         6    None
 Throw Flame              Conj/Fire      ######       0%          2    None
 Throw Frost              Conj/Ice       ######       0%          2    None
 Mephitic Cloud           Conj/Pois/Air  #######.     1%          3    None
 Ring of Flames           Chrm/Fire      ########..   2%          7    None
 Venom Bolt               Conj/Pois      ########..   1%          5    None
 Olgreb's Toxic Radiance  Pois           #####...     3%          4    None
 Summon Small Mammal      Summ           ####         1%          1    None
 Blink                    Tloc           N/A          1%          2    None
 Iskenderun's Mystic Bla  Conj           ########     0%          4    None
 Summon Horrible Things   Summ           #######...   77%         8    None
 Animate Dead             Necr           N/A          1%          4    None
 Pain                     Necr           ####         1%          1    None
 Animate Skeleton         Necr           N/A          1%          1    None
 Vampiric Draining        Necr           #######...   1%          3    None
 Haunt                    Necr/Summ      #######...   28%         7    None
 Freeze                   Ice            ####         1%          1    None
 Summon Ice Beast         Ice/Summ       #######.     1%          4    None
 Ozocubu's Armour         Chrm/Ice       ######..     1%          3    None
 Call Imp                 Summ           #######.     1%          2    None
 Dispel Undead            Necr           #######.     1%          5    None
 Regeneration             Chrm/Necr      #######...   1%          3    None
 Sting                    Conj/Pois      ####         0%          1    None
 Sublimation of Blood     Necr           #######...   1%          2    None
 Tukima's Dance           Hex            #####...     3%          3    None
 Summon Demon             Summ           #######...   1%          5    None
 Summon Greater Demon     Summ           #######...   16%         7    None
 Corpse Rot               Necr           N/A          1%          2    None
 Stone Arrow              Conj/Erth      ######       0%          3    None
 Shock                    Conj/Air       ####         0%          1    None
 Recall                   Summ/Tloc      N/A          1%          3    None
 Agony                    Necr           #######.     1%          5    None
 Spider Form              Tmut/Pois      #####.....   3%          3    None
 Blade Hands              Tmut           #####.....   32%         5    None
 Statue Form              Tmut/Erth      #######..    22%         6    None
 Ice Form                 Ice/Tmut       #####...     12%         4    None
 Dragon Form              Tmut           #####.....   100%        7    None
 Necromutation            Tmut/Necr      ######....   100%        8    None
 Death Channel            Necr           #######...   10%         6    None
 Deflect Missiles         Chrm/Air       ######....   34%         6    None
 Throw Icicle             Conj/Ice       ########     1%          4    None
 Airstrike                Air            #####.....   3%          4    None
 Shadow Creatures         Summ           N/A          3%          6    None
 Confusing Touch          Hex            #####.       1%          1    None
 Flame Tongue             Conj/Fire      #####        0%          1    None
 Passwall                 Tmut/Erth      #######.     1%          2    None
 Ignite Poison            Fire/Tmut/Pois ########     1%          3    None
 Sticks to Snakes         Tmut           #####...     1%          2    None
 Call Canine Familiar     Summ           #######.     1%          3    None
 Ensorcelled Hibernation  Hex/Ice        #####.       1%          2    None
 Metabolic Englaciation   Hex/Ice        #####.....   32%         5    None
 Summon Butterflies       Summ           #######.     1%          1    None
 Silence                  Hex/Air        #####.....   32%         5    None
 Static Discharge         Conj/Air       ########     1%          3    None
 Corona                   Hex            #####..      1%          1    None
 Alistair's Intoxication  Tmut/Pois      #####...     32%         5    None
 Lee's Rapid Deconstruct  Erth           #######...   1%          5    None
 Sandblast                Erth           ######       0%          1    None
 Simulacrum               Ice/Necr       ######....   38%         6    None
 Conjure Ball Lightning   Conj/Air       ########..   1%          6    None
 Excruciating Wounds      Chrm/Necr      #######...   1%          5    None
 Monstrous Menagerie      Summ           #######...   16%         7    None
 Petrify                  Tmut/Erth      #######.     1%          4    None
 Orb of Destruction       Conj           ########..   1%          7    None
 Malign Gateway           Summ/Tloc      #######...   77%         7    None
 Tornado                  Air            #####.....   100%        9    None
 Darkness                 Hex            #####.....   87%         6    None
 Shroud of Golubria       Chrm/Tloc      ######....   1%          2    None
 Inner Flame              Hex/Fire       ########     1%          3    None
 Beastly Appendage        Tmut           #####.       1%          1    None
 Iskenderun's Battlesphe  Conj/Chrm      ########     1%          5    None
 Fulminant Prism          Conj/Hex       ########..   1%          4    None
 Dazzling Spray           Conj/Hex       ######       1%          3    None
 Force Lance              Conj/Tloc      ########     1%          4    None
 Infusion                 Chrm           ####         1%          1    None
 Song of Slaying          Chrm           #######.     1%          2    None
 Spectral Weapon          Hex/Chrm       ######..     1%          3    None
 Searing Ray              Conj           ######       0%          2    None
 Discord                  Hex            #####.....   100%        8    None
 Summon Forest            Summ/Tloc      #######...   4%          5    None
 Summon Lightning Spire   Summ/Air       #######.     1%          4    None
 Summon Guardian Golem    Hex/Summ       #######.     1%          3    None
 Dragon's Call            Summ           #######...   100%        9    None
 Summon Mana Viper        Hex/Summ       #######.     4%          5    None
 Hydra Form               Tmut           #####.....   87%         6    None
 Irradiate                Conj/Tmut      ########..   1%          5    None
 Gell's Gravitas          Tloc           #####.....   3%          3    None
 Yara's Violent Unravell  Hex/Tmut       #####.....   9%          5    None
 Infestation              Necr           #######...   99%         8    None
 Lesser Beckoning         Tloc           #####.....   3%          3    None
 Poisonous Vapours        Pois/Air       #####.       1%          2    None
 Borgnjor's Vile Clutch   Necr/Erth      #######...   1%          5    None


Dungeon Overview and Level Annotations

Branches:
Dungeon (15/15)            Temple (1/1) D:4            Lair (6/6) D:11
 Shoals (4/4) Lair:2        Snake (4/4) Lair:3        Slime (5/5) Lair:5
    Orc (2/2) D:12            Elf (3/3) Orc:2        Vaults (5/5) D:13
  Crypt (3/3) Vaults:3       Tomb (0/3) Crypt:3      Depths (5/5) D:15
   Hell (1/1)                 Dis (0/7) Hell            Geh (0/7) Hell
    Coc (0/7) Hell            Tar (0/7) Hell            Zot (5/5) Depths:5

Altars:
Ashenzari
Cheibriados
Dithmenos
Elyvilon
Fedhas
Gozag
Hepliaklqana
Kikubaaqudgha
Makhleb
Nemelex Xobeh
Okawaru
Qazlal
Ru
Sif Muna
Trog
Uskayaw
Vehumet
Wu Jian
Xom
Yredelemnul
Zin
The Shining One
Lugonu

Shops:
D:4 }   D:6 [   D:7 (   D:10 [   D:12 !([   D:13 *!=   Orc:1 [   Orc:2 *}?(
Elf:1 ==}   Snake:4 =?}(   Vaults:2 :   Vaults:3 ?   Vaults:4 *:   Depths:3 *
Depths:4 ([(*

Portals:
Hell: Depths:1 Depths:2 Depths:3 Depths:4 Depths:5
Abyss: Depths:3 Depths:4
Pandemonium: Orc:2 Depths:2 Depths:3 Depths:5
Ziggurat: Depths:1
Trove: Vaults:2 (give 5 potions of resistance)

Annotations:
D:14 3 runed doors, Anuvenef's ghost, journeyman DDFi
Lair:2 exclusion: 4 oklob plants
Lair:4 3 runed doors, Tovarisch's ghost, journeyman DDNe
Lair:6 iamserjio's ghost, journeyman TeFE
Shoals:4 1 runed door, Pikaro's ghost, adept FeCK
Crypt:1 Dyivuergh's ghost, adept GrFi
Depths:1 3 exclusions
Depths:2 exclusion: downstairs


Innate Abilities, Weirdness & Mutations

You are resistant to torment.
Your stone body is resilient. (AC +20)
You are immune to poison.
Your large and strong wings let you fly indefinitely.
You resist negative energy. (rN+)
You are resistant to electric shocks. (rElec)
You can survive without breathing.
You are immune to petrification.
You are immune to rotting.
You have a pair of small horns on your head.
You are very clumsy. (Dex -4)
You are dopey. (Int -2)
Your magical capacity is very low. (-20% MP)
You expend magic power (3 MP) to strengthen your wands.


Message History

The orb of fire emits a lurid red light.
Strange energies course through your body.
You feel clumsy.
Your Killer Klown defenestrates the orb of fire but does no damage.
Your ghost moth hits the orb of fire!
Your ghost moth hits the orb of fire but does no damage.
Your ghost moth stings the orb of fire but does no damage.
You feel much better.
Your Killer Klown misses the orb of fire.
Your ghost moth stares at the orb of fire.
The orb of fire's magic leaks into the air.
Your ghost moth hits the orb of fire but does no damage.
Your ghost moth hits the orb of fire!
Your ghost moth closely misses the orb of fire.
The power of Zot is invoked against your fire vortex!
Unknown command.
Unknown command.
Unknown command.
Unknown command.
Unknown command.
Unknown command.
Unknown command.
You channel some magical energy.
You feel slightly more hungry.
The ancient lich touches your Killer Klown!
Your Killer Klown blinks!
Your ghost moth closely misses the orb of fire.
Your ghost moth hits the orb of fire but does no damage.
Your ghost moth stings the orb of fire but does no damage.
Nothing appears to happen.
The ancient lich gestures at you while chanting.
The crystal spear hits you!
* * * LOW HITPOINT WARNING * * *
The orb of fire glows red.
Strange energies course through your body.
You feel less energetic.
Your ghost moth completely misses the orb of fire.
Your ghost moth closely misses the orb of fire.
Your ghost moth barely misses the orb of fire.
The ancient lich touches your shadow dragon!
You feel much better.
Unknown command.
Unknown command.
Unknown command.
Unknown command.
Really read
A - 11 scrolls of blinking {!r}?
Your blink will be uncontrolled - continue anyway? [Y]es or [N]o only, please.
Your blink will be uncontrolled - continue anyway? [Y]es or [N]o only, please.
Your blink will be uncontrolled - continue anyway? [Y]es or [N]o only, please.
Your blink will be uncontrolled - continue anyway?
The Orb prevents control of your translocation!
You blink.
As you read the scroll of blinking {!r}, it crumbles to dust.
Your Killer Klown blinks!
Your ghost moth stares at the orb of fire.
The orb of fire's magic leaks into the air.
Your ghost moth hits the orb of fire but does no damage. x2
Your ghost moth stings the orb of fire but does no damage.
Your shadow dragon bites the ancient lich but does no damage.
Your shadow dragon barely misses the ancient lich.
Your shadow dragon claws the ancient lich but does no damage.
Unknown command.
Unknown command.
Unknown command.
Nothing appears to happen.
Your ghost moth stares at the orb of fire.
The orb of fire's magic leaks into the air.
Your ghost moth hits the orb of fire!
Your ghost moth misses the orb of fire.
Your ghost moth stings the orb of fire but does no damage.
The ancient lich touches you but does no damage.
You feel much better.
Your Killer Klown blinks!
The orb of fire falters for a moment.
Your ghost moth stares at the orb of fire.
The orb of fire's magic leaks into the air.
Your ghost moth closely misses the orb of fire.
Your ghost moth hits the orb of fire but does no damage.
Your ghost moth misses the orb of fire.
The ancient lich touches you but does no damage.
Your shadow dragon bites the ancient lich but does no damage.
Your shadow dragon claws the ancient lich!
Your shadow dragon barely misses the ancient lich.
You channel some magical energy.
You feel slightly more hungry.
Your Killer Klown blinks!
The ancient lich casts a spell at you. You resist with almost no effort.
Your ghost moth hits the orb of fire.
Your ghost moth hits the orb of fire!
Your ghost moth completely misses the orb of fire.
You channel some magical energy.
You feel slightly more hungry.
The orb of fire falters for a moment.
Your Killer Klown blinks!
Your shadow dragon bites the ancient lich.
Your shadow dragon claws the ancient lich but does no damage.
Your shadow dragon claws the ancient lich.
The ancient lich points at you and mumbles some strange words.
The crystal spear hits you!
Ouch! That really hurt!
You die...

**,,..............##
**,§.............^.
▓▓.....####▓▓▓▓▓▓▓
▓▓y......p.......▓▓
▓▓.*.§...§.[........
▓▓.§...^.............
▓...D................
▓...L................
▓▓..@................
▓▓...^..............
▓▓...............).
▓▓..................
▓▓...................
▓....................
▓....................
▓▓..............[....
▓▓..................


You could see an orb of fire, an ancient lich, a friendly Killer Klown, a
friendly shadow dragon and a friendly ghost moth (invisible).

Vanquished Creatures
  the Royal Jelly (Slime:5)
  7 ancient liches
  Mennas (Vaults:3)
  5 orbs of fire (Zot:5)
  Boris (Depths:3)
  Xtahua (Vaults:3)
  The ghost of eyesofgods1 the Slayer, a veteran FoFi of Nemelex Xobeh (Crypt:2)
  Saint Roka (Snake:3)
  2 curse toes (Zot:5)
  3 Killer Klowns (Zot:5)
  Geryon (Hell)
  6 golden dragons
  Nikola (Snake:2)
  The ghost of Lagoy the Devastator, an adept DgWz (Vaults:1)
  5 bone dragons
  2 electric golems (Zot:5)
  Jorgrun (Elf:3)
  8 liches
  18 tentacled monstrosities
  23 Orb Guardians (Zot:5)
  The ghost of Dyivuergh the Tortoise, an adept GrFi of Makhleb (Crypt:2)
  The ghost of Dyivuergh the Tortoise, an adept GrFi of Makhleb (Crypt:2)
  Asterion (Depths:3)
  3 deep elf blademasters (Elf:3)
  3 krakens
  4 deep elf master archers (Elf:3)
  8 quicksilver dragons
  13 acid blobs (Slime:5)
  4 sphinxes
  5 titans (Vaults:5)
  6 death cobs
  Murray (Hell)
  Polyphemus (Shoals:4)
  2 ancient champions
  8 tengu reavers
  Agnes (Elf:2)
  15 shadow dragons
  A revenant (Hell)
  11 storm dragons
  Donald (Elf:3)
  11 nagarajas
  14 draconian monks
  7 draconian scorchers
  7 azure jellies (Slime:5)
  3 ghost moths
  9 fire giants
  8 deep elf sorcerers
  A juggernaut zombie (Depths:3)
  8 frost giants
  Louise (Depths:4)
  18 vault wardens
  An iron dragon (Vaults:5)
  4 draconian knights
  4 orc warlords (Depths:4)
  A balrug (Depths:1)
  2 ghouls
  6 draconian shifters
  7 draconian annihilators
  6 draconian stormcallers
  15 ironheart preservers
  5 deep elf elementalists
  An entropy weaver (Vaults:3)
  4 reapers
  23 stone giants
  16 very ugly things
  9 war gargoyles
  11 green draconians
  14 vampire knights
  Nessos (D:14)
  2 deep elf demonologists
  10 black draconians
  7 red draconians
  6 deep elf annihilators
  14 purple draconians
  6 white draconians
  2 lorocyprocas (Hell)
  9 yellow draconians
  A minotaur (Lab)
  Azrael (D:13)
  4 eidola
  A spark wasp (shapeshifter) (Depths:2)
  4 spark wasps (Depths:1)
  18 ettins
  3 merfolk javelineers (Shoals:4)
  The ghost of Hinish the Severer, a journeyman DDFi of Makhleb (Lair:3)
  5 crystal guardians
  10 deep elf death magi
  3 death oozes (Slime:5)
  7 merfolk impalers
  An ettin (shapeshifter) (Vaults:2)
  A green death (Hell)
  A quicksilver dragon zombie (Depths:3)
  3 deep elf high priests
  11 fire dragons
  8 great orbs of eyes
  5 rakshasas
  5 jiangshi
  A ragged hierophant (Vaults:1)
  A caustic shrike simulacrum (Depths:4)
  36 vault guards
  Harold (D:10)
  19 naga warriors
  A monstrous demonspawn (Depths:5)
  18 yaktaur captains
  15 centaur warriors
  3 ghost crabs (Depths:4)
  8 ice dragons
  7 hydras
  2 catoblepae
  A spectral fire giant (Depths:3)
  15 ogre magi
  6 death knights
  30 two-headed ogres
  Erica (D:11)
  11 anacondas
  3 spriggan air magi
  An alligator snapping turtle (Shoals:4)
  2 two-headed ogres (shapeshifter)
  9 merfolk aquamancers
  24 dancing weapons
  5 merfolk avatars
  A satyr (Shoals:2)
  5 death yaks
  5 deep troll shamans
  6 hell hogs (Hell)
  4 deep troll earth magi
  7 spriggan berserkers
  15 shock serpents
  3 tengu warriors
  2 sun demons
  9 vampire magi
  20 deep elf knights
  A titan zombie (Crypt:3)
  7 orc high priests (Orc:2)
  Nergalle (Lair:4)
  15 hell knights
  A storm dragon zombie (Crypt:3)
  Sonja (Lair:2)
  11 naga sharpshooters
  12 soul eaters
  Urug (D:13)
  9 salamander mystics
  3 iron trolls
  A sixfirhy (Depths:5)
  35 skeletal warriors
  14 sea snakes
  A shadow wraith (Vaults:4)
  2 unseen horrors
  2 storm dragon skeletons
  3 torturous demonspawn
  A sea snake (shapeshifter) (D:13)
  7 naga ritualists
  27 deep trolls
  A death drake (Depths:4)
  A gelid demonspawn (Orc:2)
  6 flayed ghosts
  An anaconda zombie (Crypt:3)
  4 wizards
  A golden dragon zombie (Crypt:3)
  A deep troll (shapeshifter) (Vaults:2)
  19 deep elf archers
  7 glowing orange brains
  An orange crystal statue (Depths:1)
  6 phantasmal warriors
  5 lindwurms
  15 harpies
  An infernal demonspawn (Orc:2)
  A swamp dragon (Lair:6)
  22 ironbrand convokers
  17 orc knights
  An iron dragon zombie (Crypt:3)
  10 necromancers
  2 harpies (shapeshifter)
  2 large abominations (Elf:3)
  6 wolf spiders
  3 wolf spider zombies
  8 orc sorcerers
  13 mana vipers
  3 golden dragon skeletons
  25 ugly things
  8 oklob plants (Lair:5)
  4 shining eyes
  51 deep elf magi
  13 manticores
  A fire giant zombie (D:15)
  11 fauns
  13 salamanders
  8 cyclopes
  37 black mambas
  23 moths of wrath
  3 elephants
  8 merfolk sirens
  An iron dragon skeleton (D:15)
  12 guardian serpents
  3 torpor snails
  20 centaur skeletons
  2 molten gargoyles (Hell)
  14 vault sentinels
  11 gargoyles
  3 ice statues (IceCv)
  3 water nymphs
  29 naga magi
  An elf skeleton (Depths:4)
  A black mamba (shapeshifter) (Depths:2)
  An orange demon (Depths:5)
  2 eyes of devastation
  A spiny frog (shapeshifter) (Vaults:1)
  14 spiny frogs
  An emperor scorpion zombie (Crypt:3)
  A smoke demon (Hell)
  A rime drake (shapeshifter) (D:14)
  3 kobold demonologists (D:15)
  56 yaktaurs
  A death yak skeleton (Crypt:1)
  14 freezing wraiths
  7 komodo dragons
  5 rime drakes
  A swamp worm zombie (Crypt:1)
  A red draconian skeleton (Crypt:3)
  An anaconda simulacrum (Hell)
  A minotaur skeleton (Crypt:2)
  2 redback zombies (D:14)
  2 red devils
  8 trolls
  4 hydra zombies (Hell)
  A harpy zombie (D:14)
  A troll (shapeshifter) (Depths:4)
  4 polar bears
  A queen bee (Lair:2)
  14 ice devils
  A queen bee (shapeshifter) (Vaults:5)
  A jumping spider (shapeshifter) (Depths:1)
  2 saltlings (Vaults:1)
  10 hornets
  A meliai (shapeshifter) (Vaults:3)
  2 wind drakes (shapeshifter)
  A hydra skeleton (Hell)
  27 merfolk
  8 wind drakes
  A tengu simulacrum (Vaults:1)
  A bog body (Crypt:2)
  A hornet (shapeshifter) (Vaults:5)
  2 hippogriffs (shapeshifter)
  22 dream sheep
  7 blink frogs
  4 slime creatures (shapeshifter)
  70 slime creatures
  A guardian serpent skeleton (Crypt:2)
  17 hippogriffs
  14 snapping turtles
  36 flying skulls
  A redback (shapeshifter) (Vaults:5)
  An alligator skeleton (Crypt:1)
  7 spriggans
  A ynoxinul (Orc:2)
  9 shadows
  The ghost of Hebeh the Conjurer, an amateur DECj (D:4)
  8 air elementals
  An ettin skeleton (D:15)
  8 wyverns
  10 wraiths
  A hog (Depths:4)
  3 redbacks
  A yak (shapeshifter) (D:13)
  8 basilisks
  33 water elementals
  A black mamba skeleton (Crypt:1)
  2 vampires
  Sigmund (D:5)
  A basilisk (shapeshifter) (Elf:1)
  10 fire elementals
  55 yaks
  A human (shapeshifter) (Vaults:2)
  10 golden eyes
  A redback simulacrum (D:14)
  3 hungry ghosts
  5 steam dragons
  2 elf simulacra (Depths:4)
  Menkaure (D:7)
  6 vampire mosquitoes
  41 nagas
  2 wargs
  A two-headed ogre zombie (D:12)
  An insubstantial wisp (Depths:4)
  16 water moccasins
  A hydra simulacrum (Hell)
  A soldier ant (D:11)
  3 acid dragons
  A soldier ant (shapeshifter) (Depths:3)
  2 spiny frog zombies
  4 hell hounds
  A floating eye (shapeshifter) (Vaults:3)
  8 porcupines
  A water nymph skeleton (Crypt:1)
  2 floating eyes
  A swamp drake (Lair:6)
  A torturous demonspawn skeleton (Crypt:2)
  An infernal demonspawn skeleton (Crypt:2)
  2 black bears
  7 ice beasts
  A hornet zombie (D:14)
  49 orc warriors
  3 eyes of draining (Slime:5)
  3 sky beasts
  2 spiny frog skeletons (Hell)
  A phantom (D:12)
  26 ogres
  10 wolves
  5 necrophages
  2 small abominations (Depths:4)
  15 centaurs
  A dream sheep zombie (Crypt:1)
  A snapping turtle skeleton (Crypt:3)
  An elephant skeleton (Crypt:1)
  18 crocodiles
  Blork the orc (D:4)
  A big kobold (shapeshifter) (Elf:2)
  6 big kobolds
  15 bullfrogs
  A cyclops zombie (Crypt:1)
  2 wyvern zombies (D:14)
  4 earth elementals
  2 water moccasin zombies
  3 wyvern skeletons
  A scorpion (Lair:3)
  3 troll zombies (D:12)
  A human simulacrum (Vaults:1)
  13 wights
  31 killer bees
  A howler monkey (D:6)
  A vampire bat (Depths:4)
  3 electric eels
  A troll skeleton (Lab)
  A bullfrog zombie (D:9)
  10 crimson imps
  3 quasits
  2 draconian simulacra (IceCv)
  4 centaur zombies
  A basilisk zombie (Crypt:2)
  11 hounds
  5 jellies
  2 gnoll shamans
  2 bullfrog skeletons
  4 iguanas
  26 orc priests
  20 orc wizards
  Ijyb (D:4)
  2 hell rats
  9 worker ants
  2 troll simulacra (IceCv)
  A killer bee zombie (D:7)
  A bullfrog simulacrum (D:8)
  2 centaur simulacra
  4 ogre zombies (D:12)
  A crocodile skeleton (Crypt:2)
  A hound zombie (D:8)
  3 hound skeletons
  8 gnolls
  4 naga simulacra (IceCv)
  An ogre simulacrum (IceCv)
  13 adders
  4 river rats (Sewer)
  A hound simulacrum (D:8)
  4 shadow imps
  5 white imps
  2 oozes
  4 ufetubi
  A halfling zombie (Crypt:2)
  2 adder skeletons
  An adder zombie (D:7)
  4 worms
  4 dart slugs
  6 leopard geckos
  87 orcs
  4 ball pythons
  6 giant cockroaches
  9 goblins
  10 hobgoblins
  15 jackals
  5 quokkas
  7 bats
  10 frilled lizards
  A goblin skeleton (D:12)
  2 goblin zombies (D:12)
  6 hobgoblin zombies (D:12)
  A jackal zombie (D:6)
  17 kobolds
  A leopard gecko skeleton (D:4)
  4 orc skeletons (D:12)
  13 orc zombies
  A quokka simulacrum (D:8)
  10 rats
  2 crawling corpses (Elf:3)
  3 fire vortices (Zot:5)
  14 plants
  2 tentacles (Shoals:2)
2765 creatures vanquished.

Vanquished Creatures (collateral kills)
  Mara (Depths:3)
  An ancient lich (Depths:3)
  Frederick (Depths:4)
  2 Orb Guardians (Zot:5)
  A lich (Crypt:3)
  A deep elf blademaster (Elf:3)
  A deep elf master archer (Elf:3)
  6 acid blobs
  2 azure jellies
  A tengu reaver (Vaults:5)
  A draconian knight (Zot:5)
  Aizul (Vaults:2)
  A fire giant (Depths:3)
  2 vault wardens
  A war gargoyle (Depths:3)
  A ghoul (Vaults:5)
  2 ironheart preservers
  A spriggan defender (Depths:4)
  A reaper (Hell)
  A stone giant (Depths:4)
  2 green draconians (Zot:1)
  A white draconian (Zot:2)
  An ettin (Vaults:5)
  An eidolon (Crypt:1)
  A fire dragon (Depths:4)
  2 yaktaur captains
  A death ooze (Slime:5)
  A spriggan air mage (Depths:4)
  2 death knights
  2 vault guards (Vaults:5)
  3 two-headed ogres (Vaults:2)
  A spriggan berserker (Depths:4)
  A hell hog (Hell)
  A sun demon (Depths:1)
  3 hell knights (Depths:2)
  A skeletal warrior (Crypt:3)
  A sea snake (Depths:4)
  A wizard (Depths:4)
  2 necromancers
  A phantasmal warrior (Vaults:5)
  A deep elf archer (Vaults:3)
  3 harpies
  A deep elf mage (Vaults:3)
  3 orc knights
  A mana viper (Depths:4)
  4 ugly things
  7 slime creatures
  A vault sentinel (Vaults:3)
  2 yaktaurs
  2 hornets
  3 flying skulls (Crypt:3)
  A redback (Depths:4)
  A tarantella (Depths:4)
  A wraith (Vaults:3)
  8 golden eyes (Slime:3)
  An insubstantial wisp (Depths:4)
  A hippogriff skeleton (Crypt:1)
  3 crawling corpses (Elf:3)
102 creatures vanquished.

Vanquished Creatures (others)
  A deep elf master archer (Elf:3)
  A purple draconian (Zot:2)
  A yaktaur captain (Vaults:5)
  A deep troll earth mage (Depths:4)
  A deep elf mage (Elf:2)
  2 moths of wrath (Zot:5)
  A yaktaur (Vaults:5)
  A hippogriff (Lair:2)
  A slime creature (D:13)
  An ogre (Vaults:3)
  2 killer bees (Lair:2)
  An iguana (Lair:6)
  176 fire vortices
  11 fungi
  12 plants
  20 tentacles
  4 withered plants (Crypt:2)
237 creatures vanquished.

Grand Total: 3104 creatures vanquished

Notes
Turn   | Place    | Note
-------+----------+-------------------------------------------
     0 | D:1      | Mgcat the Gargoyle Fire Elementalist began the quest for the Orb.
     0 | D:1      | Reached XP level 1. HP: 10/10 MP: 3/3
   237 | D:1      | Reached XP level 2. HP: 15/15 MP: 0/5
   241 | D:1      | Learned a level 2 spell: Throw Flame
   491 | D:1      | Reached skill level 2 in Dodging
   586 | D:1      | Reached skill level 2 in Conjurations
   695 | D:1      | Reached XP level 3. HP: 15/19 MP: 2/6
   852 | D:2      | Learned a level 3 spell: Conjure Flame
  1051 | D:2      | Reached XP level 4. HP: 24/24 MP: 0/7
  1190 | D:2      | Reached skill level 3 in Conjurations
  1190 | D:2      | Reached skill level 4 in Fire Magic
  1230 | D:2      | Found an ornate altar of the Wu Jian Council.
  1624 | D:2      | Reached XP level 5. HP: 27/28 MP: 0/8
  1974 | D:2      | Found a bloodstained altar of Trog.
  1974 | D:2      | Found an iron altar of Okawaru.
  2229 | D:3      | Found a faded altar of an unknown god.
  2304 | D:3      | Reached skill level 4 in Conjurations
  2657 | D:3      | Reached XP level 6. HP: 32/32 MP: 5/9
  3083 | D:4      | Found Ticuv's Gadget Shop.
  3089 | D:4      | Noticed Ijyb
  3126 | D:4      | Found a glowing drain.
  3139 | D:4      | Found a staircase to the Ecumenical Temple.
  3147 | Sewer    | Entered a sewer
  3225 | Sewer    | Reached skill level 3 in Stealth
  3531 | D:4      | Killed Ijyb
  3531 | D:4      | Reached skill level 5 in Fire Magic
  3867 | D:4      | Found a runed door.
  3868 | D:4      | Noticed Hebeh's ghost (amateur DECj)
  4033 | D:4      | Found a hazy altar of Hepliaklqana.
  4090 | D:4      | Reached skill level 4 in Stealth
  4090 | D:4      | Reached XP level 7. HP: 36/36 MP: 5/10
  4217 | D:4      | Reached skill level 5 in Conjurations
  4327 | D:4      | Learned a level 4 spell: Sticky Flame
  4405 | D:4      | Noticed Blork the orc
  4806 | D:5      | Entered Level 5 of the Dungeon
  4968 | D:5      | Got an iridescent morningstar
  4969 | D:5      | Identified the +3 morningstar "Yhiur" {flame, MP+9} (You found it on level 5 of the Dungeon)
  5472 | D:5      | Noticed Sigmund
  5478 | D:5      | Killed Sigmund
  5478 | D:5      | Reached skill level 5 in Stealth
  5478 | D:5      | Reached skill level 3 in Spellcasting
  5478 | D:5      | Reached skill level 6 in Fire Magic
  5478 | D:5      | Reached XP level 8. HP: 30/41 MP: 11/12
  5909 | D:6      | Found a stormy altar of Qazlal.
  6094 | D:6      | Found Ozuatej's Antique Armour Shop.
  6343 | D:6      | Reached skill level 6 in Conjurations
  6492 | D:6      | Found a blossoming altar of Fedhas.
  6510 | D:6      | Reached skill level 4 in Spellcasting
  6626 | D:6      | Got a crude robe
  6637 | D:6      | Identified the +1 robe of Ritun {rPois Dex+9 Slay+3} (You found it on level 6 of the Dungeon)
  7139 | D:7      | HP: 7/41 [orc warrior/mace (12)]
  7142 | D:7      | Reached skill level 7 in Conjurations
  7142 | D:7      | Reached skill level 7 in Fire Magic
  7300 | D:7      | Reached XP level 9. HP: 45/45 MP: 15/15
  7307 | D:7      | Learned a level 5 spell: Fireball
  7351 | D:7      | Noticed Menkaure
  7354 | D:7      | Killed Menkaure
  7381 | D:7      | HP: 8/45 [centaur/arrow (10)]
  7382 | D:7      | Reached skill level 5 in Spellcasting
  7566 | D:7      | Found Keikumm's Antique Weapon Shoppe.
  8573 | D:8      | Reached skill level 1 in Fighting
  8871 | D:8      | Reached skill level 2 in Fighting
  8984 | D:8      | Noticed a two-headed ogre
  8998 | D:8      | Killed a two-headed ogre
  8998 | D:8      | Reached skill level 3 in Fighting
  8998 | D:8      | Reached skill level 3 in Dodging
  8998 | D:8      | Reached skill level 8 in Conjurations
  8998 | D:8      | Reached skill level 8 in Fire Magic
  9132 | D:8      | Reached XP level 10. HP: 48/56 MP: 17/18
  9190 | D:8      | Reached skill level 6 in Spellcasting
  9320 | D:8      | Reached skill level 4 in Fighting
  9472 | D:8      | Found a white marble altar of Elyvilon.
  9740 | D:4      | Killed Blork the orc
  9809 | D:4      | Killed Hebeh's ghost
  9811 | D:4      | Found the +8 lance "Wyrmbane" {slay drac, rPois rF+ rC+ AC+3}
  9812 | D:4      | Got an encrusted leather armour
  9920 | D:4      | Identified the +1 leather armour of Summertime {Str+3 Int+2 Dex+4 SInv} (You found it on level 4 of the Dungeon)
 10174 | D:9      | Found a basalt altar of Yredelemnul.
 10174 | D:9      | Found an ancient bone altar of Kikubaaqudgha.
 10211 | D:9      | Found a deep blue altar of Sif Muna.
 10286 | D:9      | Found a snail-covered altar of Cheibriados.
 10303 | D:9      | Reached skill level 4 in Dodging
 10332 | D:9      | Reached skill level 1 in Armour
 10481 | D:9      | Found a sparkling altar of Nemelex Xobeh.
 10586 | D:10     | Entered Level 10 of the Dungeon
 10602 | D:10     | Reached skill level 1 in Polearms
 10687 | D:10     | Reached skill level 9 in Conjurations
 10762 | D:10     | Found Mut Vuam's Antique Armour Boutique.
 10781 | D:10     | Reached skill level 2 in Armour
 10847 | D:10     | Noticed Harold
 10867 | D:10     | Killed Harold
 10867 | D:10     | Reached skill level 5 in Fighting
 10867 | D:10     | Reached skill level 2 in Polearms
 10867 | D:10     | Reached skill level 9 in Fire Magic
 10867 | D:10     | Reached XP level 11. HP: 39/63 MP: 5/21
 11260 | D:10     | Reached skill level 3 in Armour
 11497 | D:9      | Found a shattered altar of Ashenzari.
 11497 | D:9      | Found a glowing golden altar of the Shining One.
 11695 | D:11     | Noticed an eight-headed hydra
 11743 | D:11     | Reached skill level 7 in Spellcasting
 11762 | D:11     | Found a frozen archway.
 11772 | IceCv    | Entered an ice cave
 11840 | IceCv    | Reached skill level 3 in Polearms
 11840 | IceCv    | Reached skill level 5 in Dodging
 12001 | IceCv    | Reached skill level 4 in Armour
 12100 | IceCv    | Reached skill level 6 in Fighting
 12347 | IceCv    | Noticed a necromancer
 12354 | IceCv    | Killed a necromancer
 12763 | D:11     | Killed an eight-headed hydra
 12763 | D:11     | Reached skill level 10 in Conjurations
 13005 | Temple   | Entered the Ecumenical Temple
 13072 | Temple   | Became a worshipper of Vehumet
 13385 | D:11     | Noticed a brown ugly thing
 13387 | D:11     | Noticed Erica
 13396 | D:11     | Killed a brown ugly thing
 13396 | D:11     | Reached XP level 12. HP: 55/71 MP: 9/23
 13429 | D:11     | Killed Erica
 13429 | D:11     | Reached skill level 4 in Polearms
 13429 | D:11     | Reached skill level 5 in Armour
 13734 | D:11     | Reached * piety under Vehumet
 13734 | D:11     | Offered knowledge of Magic Dart by Vehumet.
 13790 | D:11     | Reached skill level 7 in Fighting
 13855 | D:11     | Reached skill level 10 in Fire Magic
 14077 | D:11     | Found a staircase to the Lair.
 14146 | D:11     | Noticed a three-headed hydra
 14161 | D:11     | Killed a three-headed hydra
 14161 | D:11     | Reached skill level 6 in Dodging
 14161 | D:11     | Reached skill level 8 in Spellcasting
 14355 | Lair:1   | Entered Level 1 of the Lair of Beasts
 14571 | Lair:1   | Reached ** piety under Vehumet
 14789 | Lair:1   | Reached skill level 5 in Polearms
 14889 | Lair:1   | Offered knowledge of Freeze by Vehumet.
 15305 | Lair:2   | Reached XP level 13. HP: 58/78 MP: 2/25
 15336 | Lair:2   | Reached skill level 8 in Fighting
 15357 | Lair:2   | Noticed Sonja
 15372 | Lair:2   | Offered knowledge of Throw Frost by Vehumet.
 15381 | Lair:2   | Killed Sonja
 15506 | Lair:2   | Reached skill level 11 in Conjurations
 15518 | Lair:2   | Reached *** piety under Vehumet
 15671 | Lair:2   | Offered knowledge of Stone Arrow by Vehumet.
 15683 | Lair:2   | Learned a level 3 spell: Stone Arrow
 15947 | Lair:2   | Reached skill level 1 in Earth Magic
 15974 | Lair:2   | Reached skill level 6 in Polearms
 16419 | Lair:2   | Found a staircase to the Shoals.
 16820 | Lair:3   | Found a runed gate.
 16826 | Lair:3   | Reached skill level 7 in Dodging
 16829 | Lair:3   | Found a runed gate.
 16829 | Lair:3   | Found a runed gate.
 16829 | Lair:3   | Noticed Hinish's ghost (journeyman DDFi)
 16908 | Lair:3   | Found a staircase to the Snake Pit.
 17335 | Lair:3   | Reached skill level 2 in Earth Magic
 17352 | Lair:3   | Reached **** piety under Vehumet
 17720 | Lair:4   | Offered knowledge of Force Lance by Vehumet.
 17720 | Lair:4   | Reached skill level 9 in Spellcasting
 17952 | Lair:4   | Found a runed gate.
 17952 | Lair:4   | Found a runed gate.
 17952 | Lair:4   | Found a runed gate.
 17952 | Lair:4   | Noticed Tovarisch's ghost (journeyman DDNe)
 17987 | Lair:4   | Reached skill level 1 in Shields
 17987 | Lair:4   | Reached skill level 11 in Fire Magic
 18014 | Lair:4   | HP: 16/80 [lindwurm (12)]
 18352 | Lair:4   | Noticed Nergalle
 18364 | Lair:4   | Killed Nergalle
 18385 | Lair:4   | HP: 18/80 [eight-headed hydra (11)]
 18387 | Lair:4   | Reached skill level 3 in Earth Magic
 18876 | Lair:5   | Reached skill level 9 in Fighting
 18876 | Lair:5   | Reached skill level 2 in Shields
 19775 | Lair:5   | Gained mutation: Your large and strong wings let you fly indefinitely. [Gargoyle growth]
 19775 | Lair:5   | Reached XP level 14. HP: 70/86 MP: 12/27
 19915 | Lair:5   | Found a staircase to the Slime Pits.
 20161 | Lair:6   | Entered Level 6 of the Lair of Beasts
 20198 | Lair:5   | Reached skill level 4 in Earth Magic
 20199 | Lair:5   | Reached skill level 3 in Shields
 20501 | Lair:6   | Identified Faineet's Beginning Course on Rites and Rhymes
 20766 | Lair:6   | Reached ***** piety under Vehumet
 20769 | Lair:6   | Reached skill level 7 in Polearms
 20773 | Lair:6   | Offered knowledge of Ozocubu's Refrigeration by Vehumet.
 21026 | Lair:6   | Reached skill level 5 in Earth Magic
 21049 | Lair:6   | Reached skill level 12 in Conjurations
 21052 | Lair:6   | Reached skill level 4 in Shields
 21150 | Lair:6   | Found a runed gate.
 21151 | Lair:6   | Found a runed gate.
 21152 | Lair:6   | Found a runed gate.
 21180 | Lair:6   | Noticed iamserjio's ghost (journeyman TeFE)
 21201 | Lair:6   | Found a radiant altar of Vehumet.
 22010 | Lair:6   | Upgraded the game from 0.22-a0-799-g88f5e90 to 0.22-a0-803-gd6d8abe
 22047 | Lair:6   | Reached skill level 8 in Dodging
 22161 | Lair:6   | Got a warped ring mail
 22164 | Lair:6   | Identified the +3 ring mail of Zaawoic {MP+9} (You found it on level 6 of the Lair of Beasts)
 22265 | Lair:6   | Reached skill level 10 in Fighting
 22871 | Lair:5   | Reached XP level 15. HP: 80/92 MP: 26/28
 22878 | Lair:5   | Got a glittering amber ring
 22888 | Lair:5   | Identified the ring of Asmiof {rPois Dex+4} (You found it on level 5 of the Lair of Beasts)
 23052 | Lair:3   | Reached skill level 5 in Shields
 23054 | Lair:3   | Reached skill level 6 in Armour
 23074 | Lair:3   | Killed Hinish's ghost
 23074 | Lair:3   | Reached skill level 10 in Spellcasting
 23074 | Lair:3   | Reached skill level 6 in Earth Magic
 23139 | Lair:3   | Got a dazzling cloak
 23153 | Lair:3   | Identified the +1 cloak of Springtime {Dex+5} (You found it on level 3 of the Lair of Beasts)
 23473 | D:12     | Found Wofi's Distillery.
 23484 | D:12     | Bought a potion of degeneration for 15 gold pieces
 23627 | D:12     | Found Voginneu's Antique Armour Shoppe.
 23638 | D:12     | Bought a pair of translucent boots for 361 gold pieces
 23638 | D:12     | Bought a glowing large shield for 285 gold pieces
 23665 | D:12     | Identified the +2 pair of boots "Xentyun" {rC++ MR+} (You bought it in a shop on level 12 of the Dungeon)
 23987 | D:12     | Found a staircase to the Orcish Mines.
 24100 | D:12     | Found Kiguruydgh's Antique Weapon Emporium.
 24709 | Orc:1    | Entered Level 1 of the Orcish Mines
 24983 | Orc:2    | Entered Level 2 of the Orcish Mines
 25341 | Orc:2    | Offered knowledge of Bolt of Fire by Vehumet.
 25374 | Orc:2    | Found a staircase to the Elven Halls.
 25804 | Orc:1    | Found Dich's Armour Emporium.
 26134 | Orc:2    | Learned a level 6 spell: Bolt of Fire
 26195 | Orc:2    | Found Seust's General Store.
 26201 | Orc:2    | Found Nufulaz's Magic Scroll Shoppe.
 26366 | Orc:2    | Reached skill level 12 in Fire Magic
 26489 | Orc:2    | Bought 2 scrolls of blinking for 225 gold pieces
 26570 | Orc:2    | Reached skill level 11 in Fighting
 26870 | Orc:2    | Reached skill level 8 in Polearms
 26870 | Orc:2    | Reached skill level 7 in Earth Magic
 26986 | Orc:2    | Found Such's Gadget Shop.
 26986 | Orc:2    | Found Hisau's Antique Weapon Boutique.
 26987 | Orc:2    | Found a one-way gate leading to the halls of Pandemonium.
 27070 | Orc:2    | Bought a scroll of enchant armour for 112 gold pieces
 27142 | D:13     | Noticed Urug
 27153 | D:13     | Killed Urug
 27153 | D:13     | Offered knowledge of Bolt of Magma by Vehumet.
 27176 | D:13     | Found Iphyhei's Distillery.
 27197 | D:13     | HP: 7/95 [very large slime creature (50)]
 27588 | D:13     | Noticed Azrael
 27891 | D:13     | Killed Azrael
 28195 | D:13     | Found Setryshru's Assorted Antiques.
 28324 | D:13     | Found Kyaneh's Jewellery Shoppe.
 28327 | D:13     | Bought a cursed ring of teleportation for 54 gold pieces
 28327 | D:13     | Bought a +6 ring of intelligence for 702 gold pieces
 28439 | D:13     | Reached XP level 16. HP: 101/101 MP: 13/30
 28533 | D:13     | Found a gate to the Vaults.
 28785 | D:14     | Found a labyrinth entrance.
 28788 | Lab      | Entered a labyrinth
 28941 | Lab      | Reached skill level 12 in Fighting
 28952 | Lab      | Reached skill level 13 in Conjurations
 28958 | Lab      | Got a faintly glowing turquoise ring
 28958 | Lab      | Got warped pearl dragon scales
 28970 | Lab      | Identified the cursed +0 pearl dragon scales "Ryocoxut" {rF- rN+ Str+4 Int+6} (You found it in a labyrinth)
 29015 | D:13     | Identified the ring "Dilu" {*Tele Str-4 Int+6} (You found it in a labyrinth)
 29205 | D:14     | Found a runed gate.
 29205 | D:14     | Found a runed gate.
 29205 | D:14     | Found a runed gate.
 29205 | D:14     | Found an iron altar of Okawaru.
 29205 | D:14     | Noticed Anuvenef's ghost (journeyman DDFi)
 29206 | D:14     | Found the +8 autumn katana {slice, Clar}
 29325 | D:14     | Noticed Nessos
 29339 | D:14     | Killed Nessos
 29339 | D:14     | Reached skill level 8 in Earth Magic
 29364 | D:14     | Reached skill level 9 in Dodging
 29364 | D:14     | Reached skill level 6 in Shields
 29505 | D:14     | Reached ****** piety under Vehumet
 29891 | D:14     | Found a stormy altar of Qazlal.
 29921 | D:14     | Offered knowledge of Venom Bolt by Vehumet.
 30441 | D:14     | Noticed a bone dragon
 30442 | D:14     | Found the +9 sword of Zonguldrok {reap}
 30507 | D:14     | Killed a bone dragon
 30990 | D:15     | Entered Level 15 of the Dungeon
 31037 | D:15     | Reached skill level 11 in Spellcasting
 31243 | D:15     | Reached skill level 9 in Polearms
 31298 | D:15     | Found an opulent altar of Gozag.
 31301 | D:15     | Found Gozag's Platinum Reserve.
 31346 | D:15     | Found a sacrificial altar of Ru.
 31483 | D:15     | Reached skill level 7 in Shields
 31532 | D:15     | Reached skill level 13 in Fighting
 31558 | D:15     | Reached skill level 9 in Earth Magic
 31666 | D:15     | Found a staircase to the Depths.
 31863 | D:15     | Offered knowledge of Spellforged Servitor by Vehumet.
 31863 | D:15     | Reached XP level 17. HP: 108/108 MP: 32/32
 31872 | D:15     | Learned a level 7 spell: Spellforged Servitor
 32078 | Snake:1  | Entered Level 1 of the Snake Pit
 32757 | Snake:2  | Reached skill level 1 in Summonings
 33599 | Snake:2  | Reached skill level 2 in Summonings
 33604 | Snake:2  | Reached skill level 13 in Fire Magic
 33765 | Snake:2  | Learned a level 5 spell: Aura of Abjuration
 34168 | Snake:2  | Noticed Nikola
 34174 | Snake:2  | Killed Nikola
 34344 | Snake:3  | Noticed Saint Roka
 34373 | Snake:3  | Killed Saint Roka
 34384 | Snake:3  | HP: 27/110 [shock serpent/bolt of electricity (5)]
 34851 | Snake:3  | Offered knowledge of Orb of Destruction by Vehumet.
 34851 | Snake:3  | Reached skill level 8 in Shields
 35080 | Snake:3  | Found a shattered altar of Ashenzari.
 35259 | Snake:3  | Reached skill level 3 in Summonings
 35797 | Snake:3  | Reached skill level 10 in Earth Magic
 36300 | Shoals:1 | Entered Level 1 of the Shoals
 36307 | Shoals:1 | Reached skill level 14 in Fighting
 36566 | Shoals:1 | Reached skill level 10 in Dodging
 36662 | Shoals:1 | Reached skill level 14 in Conjurations
 36668 | Shoals:1 | Reached XP level 18. HP: 71/116 MP: 24/33
 37039 | Shoals:1 | Found an ancient bone altar of Kikubaaqudgha.
 37368 | Shoals:1 | Found a stormy altar of Qazlal.
 38023 | Shoals:2 | Reached skill level 10 in Polearms
 38112 | Shoals:2 | Offered knowledge of Iron Shot by Vehumet.
 38121 | Shoals:2 | Learned a level 6 spell: Iron Shot
 38709 | Shoals:3 | Reached skill level 4 in Summonings
 39785 | Shoals:4 | Entered Level 4 of the Shoals
 40019 | Shoals:4 | Noticed Polyphemus
 40025 | Shoals:4 | Killed Polyphemus
 40025 | Shoals:4 | Reached skill level 9 in Shields
 40350 | Shoals:4 | Reached skill level 12 in Spellcasting
 40772 | Shoals:4 | Reached skill level 15 in Fighting
 41038 | Shoals:4 | Found a runed door.
 41040 | Shoals:4 | Noticed Pikaro's ghost (adept FeCK)
 41109 | Shoals:4 | Reached skill level 5 in Summonings
 41124 | Shoals:4 | Reached XP level 19. HP: 99/124 MP: 17/35
 41318 | Shoals:4 | Found a shimmering altar of Xom.
 41567 | Shoals:4 | Got a barnacled rune of Zot
 42022 | Orc:2    | Bought a scroll of remove curse for 45 gold pieces
 42024 | Orc:2    | Bought a scroll of remove curse for 45 gold pieces
 42024 | Orc:2    | Bought a scroll of magic mapping for 52 gold pieces
 42024 | Orc:2    | Bought a scroll of remove curse for 45 gold pieces
 42283 | Snake:4  | Entered Level 4 of the Snake Pit
 42649 | Snake:4  | Offered knowledge of Fire Storm by Vehumet.
 42649 | Snake:4  | Offered knowledge of Shatter by Vehumet.
 42649 | Snake:4  | Offered knowledge of Chain Lightning by Vehumet.
 43288 | Snake:4  | Reached skill level 14 in Fire Magic
 43316 | Snake:4  | Reached skill level 7 in Armour
 43596 | Snake:4  | Found Gayteem's Gadget Boutique.
 43597 | Snake:4  | Found Qiohi's Antique Weapon Boutique.
 43597 | Snake:4  | Found Xasisch's Jewellery Shop.
 43609 | Snake:4  | Reached skill level 10 in Shields
 43650 | Snake:4  | Found Cenuff's Magic Scroll Shop.
 44631 | Snake:4  | Reached skill level 6 in Summonings
 45035 | Snake:4  | Reached skill level 16 in Fighting
 45248 | Snake:4  | Reached skill level 11 in Dodging
 45248 | Snake:4  | Reached skill level 15 in Conjurations
 45350 | Snake:4  | Reached skill level 11 in Polearms
 45589 | Snake:4  | Reached XP level 20. HP: 106/132 MP: 10/36
 46064 | Snake:4  | Got a serpentine rune of Zot
 46328 | Vaults:1 | Entered Level 1 of the Vaults
 46513 | Vaults:1 | Reached skill level 7 in Summonings
 46621 | Vaults:1 | Reached skill level 11 in Shields
 46974 | Vaults:1 | Got a clouded bronze ring
 47223 | Vaults:1 | Reached skill level 13 in Spellcasting
 47495 | Vaults:1 | Got a warped ring mail
 47516 | Vaults:1 | Identified the +4 ring mail of the Evening {+Blink} (You found it on level 1 of the Vaults)
 47741 | Vaults:1 | Found a runed door.
 48066 | Vaults:1 | Noticed Lagoy's ghost (adept DgWz)
 48094 | Vaults:1 | Killed Lagoy's ghost
 48105 | Vaults:1 | Identified the ring of Sucuysof {rN++ MR- SInv} (You took it off a centaur warrior on level 1 of the Vaults)
 48179 | Vaults:1 | Upgraded the game from 0.22-a0-803-gd6d8abe to 0.22-a0-815-gb582571
 48267 | Vaults:2 | Learned a level 9 spell: Fire Storm
 48293 | Vaults:2 | Reached XP level 21. HP: 123/138 MP: 8/38
 48429 | Vaults:2 | Noticed Aizul
 48449 | Vaults:2 | Killed Aizul
 48665 | Vaults:2 | Reached skill level 17 in Fighting
 48843 | Vaults:2 | Found a portal to a secret trove of treasure.
 49106 | D:12     | Bought a potion of resistance for 150 gold pieces
 49106 | D:12     | Bought a potion of haste for 150 gold pieces
 49106 | D:12     | Bought a potion of might for 60 gold pieces
 49106 | D:12     | Bought a potion of haste for 150 gold pieces
 49106 | D:12     | Bought a potion of haste for 150 gold pieces
 49106 | D:12     | Bought a potion of heal wounds for 75 gold pieces
 49282 | Vaults:2 | Reached skill level 8 in Summonings
 49535 | Vaults:2 | Reached skill level 15 in Fire Magic
 49805 | Vaults:2 | Found Muwkugue's Book Emporium.
 50296 | Vaults:3 | Found Zyqasel's Magic Scroll Boutique.
 50312 | Vaults:3 | Reached skill level 12 in Polearms
 50316 | Vaults:3 | Reached skill level 16 in Conjurations
 50436 | Vaults:3 | Reached skill level 12 in Shields
 50466 | Vaults:3 | Reached skill level 12 in Dodging
 51284 | Vaults:3 | Noticed Xtahua
 51298 | Vaults:3 | Killed Xtahua
 51484 | Vaults:3 | Noticed Mennas
 51494 | Vaults:3 | Killed Mennas
 51494 | Vaults:3 | Reached XP level 22. HP: 144/144 MP: 9/39
 51592 | Vaults:3 | Found a staircase to the Crypt.
 51675 | Vaults:3 | Reached skill level 9 in Summonings
 52758 | Vaults:4 | Reached skill level 14 in Spellcasting
 52843 | Vaults:4 | Found Veaces's General Store.
 53309 | Vaults:4 | Found Jur Vuo's Book Boutique.
 53377 | Vaults:4 | Reached skill level 13 in Shields
 54100 | Depths:1 | Entered Level 1 of the Depths
 54585 | Depths:1 | Reached skill level 17 in Conjurations
 54600 | Depths:1 | Reached skill level 10 in Summonings
 54600 | Depths:1 | Reached skill level 16 in Fire Magic
 55762 | Depths:1 | Found a gateway to a ziggurat.
 55852 | Depths:1 | Found a gateway to Hell.
 55856 | Depths:1 | Reached XP level 23. HP: 149/149 MP: 19/41
 56465 | D:13     | Bought a weird runed staff for 372 gold pieces
 57008 | Depths:2 | Reached skill level 14 in Shields
 57430 | Depths:3 | Noticed Mara
 57430 | Depths:3 | Noticed Asterion
 57465 | Depths:3 | Noticed Boris
 57471 | Depths:3 | Killed Boris
 57471 | Depths:3 | Reached skill level 15 in Spellcasting
 57949 | Depths:2 | Upgraded the game from 0.22-a0-815-gb582571 to 0.22-a0-825-ga28c36f
 58172 | Depths:3 | Noticed Mgcat's illusion
 58424 | Depths:3 | Noticed an ancient lich
 58679 | Depths:2 | Reached skill level 18 in Conjurations
 58794 | Depths:3 | Killed Asterion
 59184 | Depths:3 | Reached skill level 17 in Fire Magic
 59471 | Depths:3 | Killed an ancient lich
 59602 | Depths:2 | Upgraded the game from 0.22-a0-825-ga28c36f to 0.22-a0-833-g8522bf8
 59636 | Depths:3 | Noticed Mgcat's illusion
 59791 | Depths:3 | Noticed Mgcat's illusion
 59800 | Depths:3 | Killed Mara
 59800 | Depths:3 | Reached skill level 15 in Shields
 60008 | Depths:3 | Found Wiylepta's Changing Room.
 60035 | Depths:3 | Found a one-way gate to the infinite horrors of the Abyss.
 60047 | Depths:3 | Identified the Reference Book on Darkness
 60225 | Depths:3 | Reached XP level 24. HP: 133/156 MP: 33/42
 60701 | Depths:3 | Noticed an ancient lich
 60721 | Depths:3 | Killed an ancient lich
 60738 | Depths:3 | Identified the Disquisition on Snow
 60752 | Depths:3 | Got a crude plate armour
 60755 | Depths:3 | Identified the +4 plate armour of the Blind Marksman {rF+ rN+ MP+9 Slay-3} (You found it on level 3 of the Depths)
 61127 | Depths:4 | Learned a level 2 spell: Swiftness
 61143 | Depths:4 | Identified the Almanac of the Arsonist and Calling
 61145 | Depths:4 | Noticed Frederick
 61156 | Depths:4 | Killed Frederick
 61467 | Depths:4 | Identified Sif Muna's Compendium of Venom
 61505 | Depths:4 | Noticed Louise
 61508 | Depths:4 | Killed Louise
 61700 | Depths:4 | Got a faintly humming robe
 61711 | Depths:4 | Identified the cursed +1 robe of Resilience {*Slow rElec Str+3 Dex+4} (You found it on level 4 of the Depths)
 61888 | Depths:4 | Found Hocoedgh's Antique Armour Boutique.
 61889 | Depths:4 | Found Mackus's Antique Weapon Boutique.
 61891 | Depths:4 | Found Uvvoawk's Weapon Boutique.
 61895 | Depths:4 | Found Naudgh's Assorted Antiques.
 61923 | Depths:4 | Bought a pair of glowing gloves for 202 gold pieces
 61923 | Depths:4 | Bought a crude helmet for 256 gold pieces
 61946 | Depths:4 | Identified the +0 helmet "Qigyek" {rElec} (You bought it in a shop on level 4 of the Depths)
 62031 | Depths:4 | Identified the Compendium of Transmigration
 62140 | Depths:4 | Reached skill level 16 in Spellcasting
 62164 | Depths:4 | Identified the Collected Works on Malediction
 62264 | Depths:4 | Reached skill level 19 in Conjurations
 62484 | Depths:4 | Reached skill level 18 in Fire Magic
 62814 | Depths:4 | Found a runed door.
 62818 | Depths:4 | Noticed an ancient lich
 62847 | Depths:4 | Found a runed door.
 63091 | Depths:4 | Identified the Compendium of Necromancy
 63271 | Depths:4 | Killed an ancient lich
 63427 | Depths:5 | Entered Level 5 of the Depths
 63683 | Depths:5 | Reached XP level 25. HP: 133/160 MP: 22/43
 64402 | Depths:5 | Got a polished ring mail
 64432 | Depths:5 | Identified the cursed +0 ring mail of Esenk {-Cast Str+5} (You found it on level 5 of the Depths)
 65133 | Elf:1    | Entered Level 1 of the Elven Halls
 65141 | Elf:1    | Reached skill level 17 in Spellcasting
 65221 | Elf:1    | Reached skill level 20 in Conjurations
 65349 | Elf:1    | Found Jiny's Gadget Shop.
 65350 | Elf:1    | Found Naopp's Jewellery Shoppe.
 65350 | Elf:1    | Found Lifer's Jewellery Shoppe.
 65369 | Elf:1    | Bought a +2 amulet of reflection for 105 gold pieces
 66077 | Elf:2    | Reached skill level 19 in Fire Magic
 66385 | Elf:2    | Noticed Agnes
 66390 | Elf:2    | Killed Agnes
 66717 | Elf:2    | Found a large runed door.
 66717 | Elf:2    | Found a large runed door.
 66743 | Elf:2    | Found a large runed door.
 66743 | Elf:2    | Found a large runed door.
 66773 | Elf:3    | Entered Level 3 of the Elven Halls
 67110 | D:13     | Bought an uncursed ring of resist corrosion for 240 gold pieces
 67294 | Slime:1  | Entered Level 1 of the Pits of Slime
 67303 | Slime:1  | Reached skill level 6 in Stealth
 67593 | Slime:2  | Gained mutation: Your body sometimes deteriorates upon taking damage. [a shining eye]
 67887 | Slime:2  | HP: 37/160 [acid (5)]
 68262 | Slime:3  | Gained mutation: You are clumsy. (Dex -2) [a shining eye]
 68263 | Slime:3  | Gained mutation: You are very clumsy. (Dex -4) [a shining eye]
 68265 | Slime:3  | Gained mutation: You do not regenerate when monsters are visible. [a shining eye]
 68608 | Slime:5  | Entered Level 5 of the Pits of Slime
 68621 | Slime:5  | Reached skill level 7 in Stealth
 68767 | Slime:5  | Noticed the Royal Jelly
 68773 | Slime:5  | Killed the Royal Jelly
 68783 | Slime:5  | Reached XP level 26. HP: 148/166 MP: 0/44
 68876 | Slime:5  | Got a slimy rune of Zot
 68878 | Slime:5  | Got a shimmering emerald amulet
 68910 | Slime:5  | Identified Umior's Almanac of the Oath
 68951 | Slime:5  | Identified the amulet "Kaciz" {+Rage rN+ SInv} (You found it on level 5 of the Pits of Slime)
 68958 | Slime:5  | Identified a scroll of acquirement
 68959 | Slime:5  | Got a translucent silver ring
 68960 | Slime:5  | Identified the ring of Oenomania {MR+ Str+7} (You acquired it on level 5 of the Pits of Slime)
 68999 | Slime:5  | Reached skill level 8 in Stealth
 69000 | Slime:5  | Lost mutation: You are very clumsy. (Dex -4) [potion of mutation]
 69000 | Slime:5  | Lost mutation: You are clumsy. (Dex -2) [potion of mutation]
 69000 | Slime:5  | Gained mutation: You are frail. (-10% HP) [potion of mutation]
 69000 | Slime:5  | Gained mutation: You have a pair of small horns on your head. [potion of mutation]
 69000 | Slime:5  | Gained mutation: You are partially covered in molten scales. (AC +2) [potion of mutation]
 69001 | Slime:5  | Lost mutation: Your body sometimes deteriorates upon taking damage. [potion of mutation]
 69001 | Slime:5  | Lost mutation: You are frail. (-10% HP) [potion of mutation]
 69001 | Slime:5  | Lost mutation: You do not regenerate when monsters are visible. [potion of mutation]
 69001 | Slime:5  | Lost mutation: You are partially covered in molten scales. (AC +2) [potion of mutation]
 69001 | Slime:5  | Gained mutation: You are dopey. (Int -2) [potion of mutation]
 69001 | Slime:5  | Gained mutation: You expend magic power (3 MP) to strengthen your wands. [potion of mutation]
 69001 | Slime:5  | Lost mutation: You are dopey. (Int -2) [potion of mutation]
 69689 | D:13     | Bought a scroll of immolation for 108 gold pieces
 69851 | Vaults:5 | Entered Level 5 of the Vaults
 69883 | Vaults:5 | Got a silver rune of Zot
 69914 | Vaults:5 | Reached skill level 18 in Spellcasting
 69914 | Vaults:5 | Reached skill level 21 in Conjurations
 69918 | Vaults:5 | Got a translucent cloak
 69941 | Vaults:5 | Identified the +1 cloak of the Land of Plenty {*Contam +Inv Stlth+} (You found it on level 5 of the Vaults)
 70103 | Vaults:5 | Reached skill level 1 in Evocations
 70175 | Vaults:5 | Reached skill level 2 in Evocations
 70237 | Vaults:5 | Reached skill level 20 in Fire Magic
 70237 | Vaults:5 | Reached skill level 3 in Evocations
 70737 | Vaults:5 | Reached skill level 4 in Evocations
 71463 | Vaults:5 | Reached skill level 5 in Evocations
 71482 | Vaults:5 | Reached XP level 27. HP: 141/171 MP: 3/45
 71710 | Vaults:5 | Found the +2 shield of Resistance {rF+ rC+ MR+}
 71963 | Vaults:5 | Got an uncursed fine dagger {flame}
 71977 | Vaults:5 | Got an uncursed ebony dagger {flame}
 72126 | Vaults:5 | Got a pair of distressingly furry gloves
 72138 | Vaults:5 | Identified the cursed +0 pair of gloves "Nanoaz" {rC+ Int+3} (You found it on level 5 of the Vaults)
 72872 | Elf:3    | Noticed Donald
 72876 | Elf:3    | Killed Donald
 73456 | Elf:3    | Reached skill level 6 in Evocations
 73685 | Elf:3    | Noticed Jorgrun
 73688 | Elf:3    | Killed Jorgrun
 73700 | Elf:3    | Reached skill level 22 in Conjurations
 73718 | Elf:3    | Reached skill level 7 in Evocations
 73848 | Elf:3    | Identified Ciuwk's Collected Works on Calling
 73985 | Elf:3    | Got a jewelled leather armour
 73985 | Elf:3    | Got a scintillating wooden ring
 73990 | Elf:3    | Identified the +1 leather armour of Satz {Regen+ Int+2} (You took it off a deep elf sorcerer on level 3 of the Elven Halls)
 73991 | Elf:3    | Identified the ring "Xaxkuc" {rPois Dex+6} (You took it off a deep elf sorcerer on level 3 of the Elven Halls)
 73999 | Elf:3    | Found the +3 Elemental Staff {rElec rF++ rC++ MR++ AC+5}
 74087 | Elf:3    | Got a bloodstained morningstar {protect}
 74106 | Elf:3    | Got a jewelled falchion
 74503 | Crypt:1  | Entered Level 1 of the Crypt
 74843 | Crypt:1  | Found a runed door.
 74861 | Crypt:1  | Noticed Dyivuergh's ghost (adept GrFi)
 74931 | Crypt:1  | Reached skill level 8 in Evocations
 74940 | Crypt:1  | Reached skill level 21 in Fire Magic
 75629 | Crypt:2  | Found a runed gate.
 75629 | Crypt:2  | Found a runed gate.
 75629 | Crypt:2  | Found a runed gate.
 75630 | Crypt:2  | Noticed eyesofgods1's ghost (veteran FoFi)
 75630 | Crypt:2  | Noticed Dyivuergh's ghost (adept GrFi)
 75631 | Crypt:2  | Noticed Dyivuergh's ghost (adept GrFi)
 76138 | Crypt:2  | Killed Dyivuergh's ghost
 76138 | Crypt:2  | Killed eyesofgods1's ghost
 76140 | Crypt:2  | Killed Dyivuergh's ghost
 76150 | Crypt:2  | Identified the Incunabulum of Attacks
 76163 | Crypt:2  | Got a flickering turquoise ring
 76164 | Crypt:2  | Identified the ring of Niag {Int+3 Stlth+} (You found it on level 2 of the Crypt)
 76197 | Crypt:3  | Entered Level 3 of the Crypt
 76316 | Crypt:3  | Reached skill level 9 in Evocations
 76965 | Crypt:3  | Noticed an ancient lich
 76968 | Crypt:3  | Killed an ancient lich
 77057 | Crypt:3  | Got a pitted turquoise ring
 77089 | Crypt:3  | Found an ancient bone altar of Kikubaaqudgha.
 77102 | Crypt:3  | Identified the Incunabulum of Execration
 77205 | Crypt:3  | Got a crude turquoise ring
 77323 | Crypt:3  | Found a staircase to the Tomb.
 77573 | Crypt:3  | Identified the ring of Xom's Capriciousness {rC+ rN+ Int+2} (You took it off a hell knight on level 3 of the Crypt)
 77574 | Crypt:3  | Identified the ring "Tygompu" {rN+ Int+5 Stlth+} (You took it off a skeletal warrior on level 3 of the Crypt)
 77950 | Depths:5 | Found a gate to the Realm of Zot.
 78075 | Depths:5 | Reached skill level 9 in Stealth
 78330 | Zot:1    | Entered Level 1 of the Realm of Zot
 78346 | Zot:1    | Reached skill level 8 in Armour
 78743 | Zot:1    | Found a corrupted altar of Lugonu.
 79220 | Zot:1    | Reached skill level 19 in Spellcasting
 79412 | Zot:1    | Reached skill level 10 in Evocations
 79422 | Zot:1    | Reached skill level 23 in Conjurations
 79636 | Zot:1    | Identified the Tome of Fire and Brimstone
 79658 | Zot:1    | Identified the Grimoire of the Zealot
 79672 | Zot:1    | Reached skill level 10 in Stealth
 80206 | Zot:2    | Reached skill level 9 in Armour
 80518 | Zot:2    | Found a deep blue altar of Sif Muna.
 81100 | Zot:3    | Reached skill level 18 in Fighting
 81443 | Zot:3    | Reached skill level 13 in Polearms
 81567 | Zot:3    | Learned a level 8 spell: Death's Door
 81576 | Zot:3    | Learned a level 8 spell: Borgnjor's Revivification
 81811 | Zot:4    | Reached skill level 1 in Charms
 81952 | Zot:4    | Reached skill level 1 in Necromancy
 82084 | Zot:4    | Reached skill level 10 in Armour
 82276 | Zot:4    | Reached skill level 13 in Dodging
 82277 | Zot:4    | Reached skill level 2 in Charms
 82278 | Zot:4    | Reached skill level 2 in Necromancy
 82638 | Hell     | Entered the Vestibule of Hell
 82643 | Hell     | Noticed Geryon
 82649 | Hell     | Killed Geryon
 82655 | Hell     | Reached skill level 11 in Evocations
 82662 | Hell     | Noticed Murray
 82903 | Hell     | Killed Murray
 82903 | Hell     | Reached skill level 22 in Fire Magic
 82905 | Hell     | Reached skill level 3 in Charms
 83132 | Hell     | Reached skill level 3 in Necromancy
 83260 | Hell     | Found a gateway to the ashen valley of Gehenna.
 83375 | Hell     | Found a gateway to the Iron City of Dis.
 83408 | Hell     | Found a gateway to the freezing wastes of Cocytus.
 83486 | Hell     | Found a gateway to the decaying netherworld of Tartarus.
 83786 | Zot:5    | Entered Level 5 of the Realm of Zot
 83815 | Zot:5    | Reached skill level 4 in Charms
 84242 | Zot:5    | Reached skill level 4 in Necromancy
 84511 | Zot:5    | Noticed an ancient lich
 84513 | Zot:5    | Killed an ancient lich
 84725 | Zot:5    | Noticed an ancient lich
 84742 | Zot:5    | Killed an ancient lich
 84756 | Zot:5    | Reached skill level 5 in Charms
 84872 | Zot:5    | Noticed an orb of fire
 84883 | Zot:5    | Killed an orb of fire
 84999 | Zot:5    | Noticed an orb of fire
 85006 | Zot:5    | Noticed an orb of fire
 85007 | Zot:5    | Noticed an orb of fire
 85007 | Zot:5    | Gained mutation: You are clumsy. (Dex -2) [an orb of fire]
 85008 | Zot:5    | Killed an orb of fire
 85008 | Zot:5    | Reached skill level 5 in Necromancy
 85014 | Zot:5    | Killed an orb of fire
 85014 | Zot:5    | Reached skill level 19 in Fighting
 85014 | Zot:5    | Reached skill level 12 in Evocations
 85032 | Zot:5    | Noticed an orb of fire
 85063 | Zot:5    | Killed an orb of fire
 85112 | Zot:5    | Gained mutation: You are dopey. (Int -2) [an orb of fire]
 85113 | Zot:5    | Killed an orb of fire
 85113 | Zot:5    | Reached skill level 6 in Charms
 85348 | Zot:5    | Noticed an ancient lich
 85413 | Zot:5    | Noticed an ancient lich
 85415 | Zot:5    | Killed an ancient lich
 85415 | Zot:5    | Reached skill level 20 in Spellcasting
 85461 | Zot:5    | Reached skill level 6 in Necromancy
 85501 | Zot:5    | Reached skill level 14 in Dodging
 85733 | Zot:5    | Reached skill level 7 in Charms
 85777 | Zot:5    | Noticed an ancient lich
 85787 | Zot:5    | Killed an ancient lich
 85787 | Zot:5    | Reached skill level 7 in Necromancy
 85835 | Zot:5    | Noticed an orb of fire
 85838 | Zot:5    | Gained mutation: You are very clumsy. (Dex -4) [an orb of fire]
 85843 | Zot:5    | Lost mutation: You are very clumsy. (Dex -4) [an orb of fire]
 85848 | Zot:5    | Gained mutation: Your magical capacity is low. (-10% MP) [an orb of fire]
 85853 | Zot:5    | Gained mutation: You are very clumsy. (Dex -4) [an orb of fire]
 85856 | Zot:5    | HP: 28/178 [ancient lich/crystal spear (76)]
 85856 | Zot:5    | Gained mutation: Your magical capacity is very low. (-20% MP) [an orb of fire]
 85862 | Zot:5    | Killed from afar by an ancient lich

Vault maps used:
D:1:      saegor_arrival_simple_e
D:2:      gammafunk_temple_overflow_statue, lemuel_crystal_altar,
          corexii_item_surrounded_by_moat, uniq_crazy_yiuf_cottage
D:3:      first_ration, chequers_ecumenical_altar_island
D:4:      nicolae_overflow_crystal_walls, minmay_temple_entry_enclosed_plants,
          cheibrodos_sewer_entry_sluice, serial_shops, nicolae_shop_waterfront,
          ebering_ghost_inner_flame, hangedman_minor_gate_pass,
          uniq_blork_the_orc, uniq_ijyb
D:5:      uniq_sigmund
D:6:      old_standard_altar, serial_shops, shop, moated_statue,
          minmay_ruined_shrine
D:7:      serial_shops, nicolae_shop_crystal, uniq_menkaure
D:8:      kennysheep_little_box, serial_ice, serial_ice_n, serial_ice_b,
          serial_ice_o, serial_ice_m, serial_ice_g, serial_ice_a, serial_ice_i,
          serial_ice_f
D:9:      lemuel_doored_altar, overflow_temple_1_default,
          nicolae_overflow_hidden_temple
D:10:     serial_shops, shop_fountains, uniq_harold
D:11:     erik_lair_island, portal_ice_cave_entry_pillars_1, hangedman_ranch,
          uniq_erica
D:12:     zombieorc2_lemuel, serial_shops, kennysheep_mini, shop,
          nicolae_shop_stone
D:13:     lightli_vaults_fourway_checkpoint, serial_shops, shop,
          nicolae_shop_crystal, kennysheep_mini_moat, uniq_urug, uniq_azrael
D:14:     minmay_the_grid_square_5x5_4x4, basic_altar,
          gammafunk_ghost_fury_of_okawaru, lab_entry_generic,
          minmay_guarded_unrand_zonguldrok, uniq_nessos
D:15:     gammafunk_depths_entry_grave, basic_altar,
          nicolae_gozag_zags_fifth_avenue
Temple:   jpeg_temple_island
Lair:2:   hangedman_what_comes_after_a, elwin_shoals_entry_rooms,
          grunt_megastairs_1, uniq_sonja
Lair:3:   dummy_snake_entry, gammafunk_ghost_hydra_chop, serial_bayou_shore_b
Lair:4:   ebering_ghost_rock_garden, grunt_forest_stairs_clearing,
          lemuel_fruit_tree, serial_bayou_shore_a, uniq_nergalle
Lair:5:   minmay_slime_entry_oklob_enclosed, minmay_lair_oklob_chamber
Lair:6:   guppyfry_lair_end_dragon, hangedman_lair_in_review,
          gammafunk_ghost_split, basic_altar
Shoals:1: hangedman_feature_mirror
Shoals:3: nicolae_shoals_cliffside_cave, nicolae_shoals_arrival_archipelago
Shoals:4: shoals_end_hangedman, ebering_ghost_inner_flame, lemuel_centaur_altar,
          uniq_polyphemus
Snake:2:  spider_trap, uniq_nikola
Snake:3:  basic_altar, uniq_saint_roka
Snake:4:  snake_pit_salamanders_mu, minmay_shoptagon, serial_bayou_shore_b
Slime:4:  cheibrodos_slime_lost_civilization_10
Orc:1:    serial_shops, shop
Orc:2:    pf_orc_diabolical
Elf:1:    eino_elf_arrival_customs, evilmike_minifort, lemuel_flamethrower_3,
          minmay_shop_grove
Elf:2:    minmay_strange_pillars, uniq_agnes
Elf:3:    minmay_elf_hall, uniq_donald, uniq_jorgrun
Vaults:1: ebering_vaults_ghost_reflecting_pool, nicolae_vaults_little_squares_5,
          v_rooms_2, v_alt_pattern_6, grunt_vaults_twisty, v_rooms_3,
          nicolae_vaults_border_crossing, nicolae_vaults_ring_of_whatevers,
          nicolae_vaults_yaktaur_gun_rack, nicolae_vaults_theta,
          ontoclasm_vaults_fault, v_misc_16,
          portal_desolation_entry_nicolae_nacl
Vaults:2: vaults_mumra_chevron_long, nicolae_vaults_little_ls, v_misc_13,
          grunt_vaults_diagonal, v_rooms_4, v_alt_pattern_6,
          vaults_room_corners, v_misc_26, ontoclasm_vaults_misaligned,
          v_alt_pattern_6, vaults_room_grid, v_alt_pattern_5,
          nicolae_trove_entry_free_sample, serial_shops,
          nicolae_shop_waterfront, uniq_aizul
Vaults:3: ontoclasm_vaults_tryst, minmay_crypt_entry_simple_sparse,
          hangedman_vaults_locks, v_misc_19, v_misc_11, v_rooms_4,
          nicolae_vaults_fighting_squares, vaults_mumra_hexcomb, v_misc_23,
          nicolae_vaults_diagonal_hallway_6, vaults_room_stairs_pillars,
          serial_shops, shop_coins, uniq_mennas, uniq_xtahua
Vaults:4: vaults_room_ringed_pool, v_misc_33, hangedman_vaults_variations,
          v_misc_14, ontoclasm_vaults_bender, vaults_standard_mumra_x,
          ontoclasm_vaults_twist, v_misc_4, v_pattern_5, vaults_dpeg_hooks,
          v_misc_19, hangedman_vaults_cutoff, serial_shops,
          nicolae_shop_waterfront, shop
Vaults:5: serial_shops
Crypt:1:  gammafunk_ghost_grave
Crypt:2:  gammafunk_ghost_cemetery, grunt_megastairs_3
Crypt:3:  cryptofortress_bobbens
Depths:1: enter_ziggurat_c, hangedman_decor_diamond_cutter, lightli_too_deep,
          grunt_ministairs_6, minmay_protected_statue
Depths:2: cheibrodos_leafed_vault, pan_entry, hell_entry
Depths:3: constructs_gauntlet_mu_hangedman, special_room, abyss_entry_crystal,
          pan_entry, minmay_misc_feat_diagonals, hell_entry,
          nicolae_transmutations_shop, uniq_asterion, uniq_boris, uniq_mara
Depths:4: cheibrodos_witchhunters_guild, pf_hell_entry_great_geh,
          serial_hangedman_research, hangedman_research_metamorphosis,
          hangedman_research_thanatology, hangedman_research_probablistics,
          hangedman_research_toxicology, nicolae_abyss_entry_one_way_or_another,
          kennysheep_pointless_box, nrook_mini_backslash,
          minmay_shop_grid_forest, uniq_frederick
Depths:5: evilmike_zot_entry_round, grunt_decor_one_mirror,
          grunt_pan_entry_spiral, hell_entry,
          hangedman_abyss_or_decor_lesser_grid, spider_trap,
          hangedman_decor_peaks_small
Zot:1:    nicolae_zot_draconian_monastery, grunt_ministairs_14
Zot:2:    basic_altar
Zot:3:    zot_minivault_1
Zot:4:    st_stairs_4
Lab:      nicolae_lab_x, nicolae_lab_quarters, nicolae_lab_checkerboard,
          nicolae_lab_garden, nicolae_lab_hexagon, nicolae_lab_swirl,
          nicolae_lab_starburst, nicolae_lab_blocks, labyrinth_skeletal_remains,
          nicolae_lab_grate_2, nicolae_lab_diamond, nicolae_lab_very_dead_end
Sewer:    sewer_co_cracked_pipes
IceCv:    ice_cave_tombish

Skill      XL: |  1  2  3  4  5  6  7  8  9 10 11 12 13 14 15 16 17 18 19 20 21 22 23 24 25 26 27 |
---------------+----------------------------------------------------------------------------------+-----
Dodging        | 2 3 4 5 6 7 8 9 10 11 12 14 | 14.4
Conjurations   | 2 3 4 5 7 8 9 10 11 12 13 14 15 16 17 18 19 20 21 23 | 23.2
Fire Magic     | 4 5 6 7 8 9 10 11 12 13 14 15 16 17 18 19 20 22 | 22.0
Stealth        | 4 5 7 8 10 | 10.0
Spellcasting   | 3 4 5 6 7 8 9 10 11 12 13 14 15 16 17 18 20 | 20.0
Fighting       | 3 5 6 7 9 10 11 13 14 15 16 17 19 | 19.6
Armour         | 2 4 5 6 7 10 | 10.0
Polearms       | 2 3 5 6 7 8 9 10 11 12 13 | 13.0
Earth Magic    | 3 5 7 9 10 | 10.2
Shields        | 2 4 5 7 8 9 10 11 12 13 15 | 15.0
Summonings     | 3 5 6 7 8 10 | 10.0
Evocations     | 5 12 | 12.0
Charms         | 7 |  7.9
Necromancy     | 7 |  7.2

Action                   |  1- 3 |  4- 6 |  7- 9 | 10-12 | 13-15 | 16-18 | 19-21 | 22-24 | 25-27 || total
-------------------------+-------+-------+-------+-------+-------+-------+-------+-------+-------++-------
Melee: Club              |    38 |    28 |       |       |       |       |       |       |       ||    66
       Whip              |       |    69 |       |       |       |       |       |       |       ||    69
       Morningstar       |       |       |    46 |     9 |       |       |       |       |       ||    55
       Lance             |       |       |       |   611 |  1091 |  1019 |   846 |   524 |  1362 ||  5453
       Headbutt          |       |       |       |       |       |       |       |       |   141 ||   141
 Cast: Flame Tongue      |    39 |   113 |   134 |    36 |       |       |       |       |       ||   322
       Throw Flame       |     5 |    20 |   108 |    31 |   156 |    14 |       |       |       ||   334
       Conjure Flame     |       |       |    10 |    20 |    53 |    16 |    26 |    22 |    12 ||   159
       Sticky Flame      |       |       |     4 |    63 |   175 |   161 |   132 |   101 |   141 ||   777
       Fireball          |       |       |       |    11 |    92 |   240 |   154 |   247 |   143 ||   887
       Stone Arrow       |       |       |       |       |    23 |     8 |       |       |       ||    31
       Bolt of Fire      |       |       |       |       |       |     3 |    46 |    50 |   160 ||   259
       Iron Shot         |       |       |       |       |       |       |    79 |   139 |   253 ||   471
       Spellforged Servi |       |       |       |       |       |       |     8 |    21 |    21 ||    50
       Aura of Abjuratio |       |       |       |       |       |       |     3 |    10 |     6 ||    19
       Fire Storm        |       |       |       |       |       |       |       |       |   130 ||   130
 Abil: Fly               |       |       |       |       |       |     4 |       |       |       ||     4
       Stop Flying       |       |       |       |       |       |     3 |       |       |       ||     3
       Evoke Invisibilit |       |       |       |       |       |       |       |       |     2 ||     2
Evoke: Wand              |       |       |       |       |     1 |       |       |     1 |       ||     2
       Lamp of fire      |       |       |       |       |       |     1 |       |       |       ||     1
       Staff of energy   |       |       |       |       |       |       |       |       |    44 ||    44
       Horn of Geryon    |       |       |       |       |       |       |       |       |     1 ||     1
  Use: Scroll            |       |    13 |     5 |     7 |    13 |    13 |     4 |     5 |    24 ||    84
       Potion            |       |       |     2 |     3 |     7 |     1 |     2 |     3 |    26 ||    44
 Stab: Sleeping          |       |     1 |       |    10 |    10 |     5 |     2 |     2 |    14 ||    44
       Distracted        |       |       |       |     1 |     2 |     5 |     2 |     2 |    11 ||    23
       Petrified         |       |       |       |       |     2 |       |       |       |       ||     2
       Petrifying        |       |       |       |       |     1 |       |       |       |       ||     1
  Eat: Chunk             |     1 |    13 |    16 |    21 |    44 |    57 |    84 |    84 |    56 ||   376
       Ration            |       |       |     1 |     2 |     6 |     6 |       |       |    22 ||    37
Armor: Robe              |    16 |    52 |    31 |    10 |    19 |   380 |   189 |   192 |   410 ||  1299
       Leather armour    |       |       |       |   205 |   353 |       |       |       |       ||   558
Dodge: Dodged            |    39 |   122 |    66 |   459 |   614 |   440 |   297 |   258 |   391 ||  2686
Block: Large shield      |       |       |       |       |   464 |   688 |    11 |       |       ||  1163
       Shield            |       |       |       |       |       |       |   371 |   334 |   594 ||  1299
       Reflection        |       |       |       |       |       |       |       |       |    42 ||    42

Table legend:
 A = Spawn XP
 B = Non-spawn XP
 C = Spawn XP percentage of total XP
 D = Spawn monster count
 E = Non-spawn monster count
 F = Spawn count percentage of total count
 G = Total turns spent on level
                    A         B        C        D         E        F      G
               +---------+---------+-------+---------+---------+-------+---------
         Total |       0 | 1952938 |   0.0 |       0 |    2832 |   0.0 | 85862
               +---------+---------+-------+---------+---------+-------+---------
           D:1 |       0 |      40 |   0.0 |       0 |      21 |   0.0 |   862
           D:2 |       0 |     134 |   0.0 |       0 |      35 |   0.0 |  1241
           D:3 |       0 |     153 |   0.0 |       0 |      25 |   0.0 |   982
           D:4 |       0 |     735 |   0.0 |       0 |      19 |   0.0 |  1732
           D:5 |       0 |     573 |   0.0 |       0 |       9 |   0.0 |  1062
           D:6 |       0 |     659 |   0.0 |       0 |      24 |   0.0 |  1116
           D:7 |       0 |    1143 |   0.0 |       0 |      27 |   0.0 |  1788
           D:8 |       0 |    2900 |   0.0 |       0 |      30 |   0.0 |  1182
           D:9 |       0 |     907 |   0.0 |       0 |      17 |   0.0 |   507
          D:10 |       0 |    3660 |   0.0 |       0 |      31 |   0.0 |  1158
          D:11 |       0 |   10346 |   0.0 |       0 |      62 |   0.0 |  1555
          D:12 |       0 |    5109 |   0.0 |       0 |      58 |   0.0 |  2241
          D:13 |       0 |   16114 |   0.0 |       0 |      41 |   0.0 |  1870
          D:14 |       0 |   31795 |   0.0 |       0 |      63 |   0.0 |  1846
          D:15 |       0 |   11632 |   0.0 |       0 |      39 |   0.0 |  1341
        Lair:1 |       0 |    4150 |   0.0 |       0 |      20 |   0.0 |  1117
        Lair:2 |       0 |   11685 |   0.0 |       0 |      75 |   0.0 |  1698
        Lair:3 |       0 |    4915 |   0.0 |       0 |      16 |   0.0 |  1137
        Lair:4 |       0 |    6202 |   0.0 |       0 |      19 |   0.0 |  1259
        Lair:5 |       0 |   11289 |   0.0 |       0 |      35 |   0.0 |  2244
        Lair:6 |       0 |   27013 |   0.0 |       0 |      84 |   0.0 |  2151
      Shoals:1 |       0 |   13666 |   0.0 |       0 |      35 |   0.0 |  1198
      Shoals:2 |       0 |   17491 |   0.0 |       0 |      28 |   0.0 |  1240
      Shoals:3 |       0 |   14724 |   0.0 |       0 |      33 |   0.0 |  1606
      Shoals:4 |       0 |   43518 |   0.0 |       0 |      68 |   0.0 |  1542
       Snake:1 |       0 |    5833 |   0.0 |       0 |      12 |   0.0 |   686
       Snake:2 |       0 |   24541 |   0.0 |       0 |      36 |   0.0 |  1975
       Snake:3 |       0 |   25302 |   0.0 |       0 |      42 |   0.0 |  1915
       Snake:4 |       0 |   86604 |   0.0 |       0 |     134 |   0.0 |  3619
       Slime:1 |       0 |    9059 |   0.0 |       0 |      26 |   0.0 |   656
       Slime:2 |       0 |    3944 |   0.0 |       0 |       9 |   0.0 |    84
       Slime:3 |       0 |    4046 |   0.0 |       0 |      17 |   0.0 |   174
       Slime:4 |       0 |    4597 |   0.0 |       0 |      15 |   0.0 |   346
       Slime:5 |       0 |   37535 |   0.0 |       0 |      24 |   0.0 |   286
         Orc:1 |       0 |    1777 |   0.0 |       0 |      16 |   0.0 |   498
         Orc:2 |       0 |   20255 |   0.0 |       0 |     101 |   0.0 |  2051
         Elf:1 |       0 |   29886 |   0.0 |       0 |      49 |   0.0 |  1169
         Elf:2 |       0 |   24897 |   0.0 |       0 |      40 |   0.0 |   769
         Elf:3 |       0 |   60131 |   0.0 |       0 |      48 |   0.0 |  1421
      Vaults:1 |       0 |   72052 |   0.0 |       0 |     107 |   0.0 |  2424
      Vaults:2 |       0 |   51493 |   0.0 |       0 |      72 |   0.0 |  1883
      Vaults:3 |       0 |   77990 |   0.0 |       0 |      96 |   0.0 |  2107
      Vaults:4 |       0 |   44853 |   0.0 |       0 |      82 |   0.0 |  1932
      Vaults:5 |       0 |  161050 |   0.0 |       0 |     131 |   0.0 |  2762
       Crypt:1 |       0 |   21748 |   0.0 |       0 |      42 |   0.0 |   883
       Crypt:2 |       0 |   31796 |   0.0 |       0 |      39 |   0.0 |   838
       Crypt:3 |       0 |   66809 |   0.0 |       0 |      92 |   0.0 |  1402
      Depths:1 |       0 |   51024 |   0.0 |       0 |      68 |   0.0 |  1886
      Depths:2 |       0 |   58548 |   0.0 |       0 |      54 |   0.0 |  3540
      Depths:3 |       0 |   83636 |   0.0 |       0 |      65 |   0.0 |  1414
      Depths:4 |       0 |   92573 |   0.0 |       0 |     107 |   0.0 |  2355
      Depths:5 |       0 |   82892 |   0.0 |       0 |      75 |   0.0 |  2516
          Hell |       0 |   43209 |   0.0 |       0 |      62 |   0.0 |   542
         Zot:1 |       0 |   85308 |   0.0 |       0 |      56 |   0.0 |  1714
         Zot:2 |       0 |   41999 |   0.0 |       0 |      29 |   0.0 |  1069
         Zot:3 |       0 |   37316 |   0.0 |       0 |      23 |   0.0 |   832
         Zot:4 |       0 |   44510 |   0.0 |       0 |      24 |   0.0 |  1111
         Zot:5 |       0 |  216766 |   0.0 |       0 |      77 |   0.0 |  1735
           Lab |       0 |    3768 |   0.0 |       0 |      11 |   0.0 |   196
         Sewer |       0 |      77 |   0.0 |       0 |      16 |   0.0 |   373
         IceCv |       0 |    4561 |   0.0 |       0 |      21 |   0.0 |   868
               +---------+---------+-------+---------+---------+-------+---------

Vault maps used:
D:1:      saegor_arrival_simple_e
D:2:      gammafunk_temple_overflow_statue, lemuel_crystal_altar,
          corexii_item_surrounded_by_moat, uniq_crazy_yiuf_cottage
D:3:      first_ration, chequers_ecumenical_altar_island
D:4:      nicolae_overflow_crystal_walls, minmay_temple_entry_enclosed_plants,
          cheibrodos_sewer_entry_sluice, serial_shops, nicolae_shop_waterfront,
          ebering_ghost_inner_flame, hangedman_minor_gate_pass,
          uniq_blork_the_orc, uniq_ijyb
D:5:      uniq_sigmund
D:6:      old_standard_altar, serial_shops, shop, moated_statue,
          minmay_ruined_shrine
D:7:      serial_shops, nicolae_shop_crystal, uniq_menkaure
D:8:      kennysheep_little_box, serial_ice, serial_ice_n, serial_ice_b,
          serial_ice_o, serial_ice_m, serial_ice_g, serial_ice_a, serial_ice_i,
          serial_ice_f
D:9:      lemuel_doored_altar, overflow_temple_1_default,
          nicolae_overflow_hidden_temple
D:10:     serial_shops, shop_fountains, uniq_harold
D:11:     erik_lair_island, portal_ice_cave_entry_pillars_1, hangedman_ranch,
          uniq_erica
D:12:     zombieorc2_lemuel, serial_shops, kennysheep_mini, shop,
          nicolae_shop_stone
D:13:     lightli_vaults_fourway_checkpoint, serial_shops, shop,
          nicolae_shop_crystal, kennysheep_mini_moat, uniq_urug, uniq_azrael
D:14:     minmay_the_grid_square_5x5_4x4, basic_altar,
          gammafunk_ghost_fury_of_okawaru, lab_entry_generic,
          minmay_guarded_unrand_zonguldrok, uniq_nessos
D:15:     gammafunk_depths_entry_grave, basic_altar,
          nicolae_gozag_zags_fifth_avenue
Temple:   jpeg_temple_island
Lair:2:   hangedman_what_comes_after_a, elwin_shoals_entry_rooms,
          grunt_megastairs_1, uniq_sonja
Lair:3:   dummy_snake_entry, gammafunk_ghost_hydra_chop, serial_bayou_shore_b
Lair:4:   ebering_ghost_rock_garden, grunt_forest_stairs_clearing,
          lemuel_fruit_tree, serial_bayou_shore_a, uniq_nergalle
Lair:5:   minmay_slime_entry_oklob_enclosed, minmay_lair_oklob_chamber
Lair:6:   guppyfry_lair_end_dragon, hangedman_lair_in_review,
          gammafunk_ghost_split, basic_altar
Shoals:1: hangedman_feature_mirror
Shoals:3: nicolae_shoals_cliffside_cave, nicolae_shoals_arrival_archipelago
Shoals:4: shoals_end_hangedman, ebering_ghost_inner_flame, lemuel_centaur_altar,
          uniq_polyphemus
Snake:2:  spider_trap, uniq_nikola
Snake:3:  basic_altar, uniq_saint_roka
Snake:4:  snake_pit_salamanders_mu, minmay_shoptagon, serial_bayou_shore_b
Slime:4:  cheibrodos_slime_lost_civilization_10
Orc:1:    serial_shops, shop
Orc:2:    pf_orc_diabolical
Elf:1:    eino_elf_arrival_customs, evilmike_minifort, lemuel_flamethrower_3,
          minmay_shop_grove
Elf:2:    minmay_strange_pillars, uniq_agnes
Elf:3:    minmay_elf_hall, uniq_donald, uniq_jorgrun
Vaults:1: ebering_vaults_ghost_reflecting_pool, nicolae_vaults_little_squares_5,
          v_rooms_2, v_alt_pattern_6, grunt_vaults_twisty, v_rooms_3,
          nicolae_vaults_border_crossing, nicolae_vaults_ring_of_whatevers,
          nicolae_vaults_yaktaur_gun_rack, nicolae_vaults_theta,
          ontoclasm_vaults_fault, v_misc_16,
          portal_desolation_entry_nicolae_nacl
Vaults:2: vaults_mumra_chevron_long, nicolae_vaults_little_ls, v_misc_13,
          grunt_vaults_diagonal, v_rooms_4, v_alt_pattern_6,
          vaults_room_corners, v_misc_26, ontoclasm_vaults_misaligned,
          v_alt_pattern_6, vaults_room_grid, v_alt_pattern_5,
          nicolae_trove_entry_free_sample, serial_shops,
          nicolae_shop_waterfront, uniq_aizul
Vaults:3: ontoclasm_vaults_tryst, minmay_crypt_entry_simple_sparse,
          hangedman_vaults_locks, v_misc_19, v_misc_11, v_rooms_4,
          nicolae_vaults_fighting_squares, vaults_mumra_hexcomb, v_misc_23,
          nicolae_vaults_diagonal_hallway_6, vaults_room_stairs_pillars,
          serial_shops, shop_coins, uniq_mennas, uniq_xtahua
Vaults:4: vaults_room_ringed_pool, v_misc_33, hangedman_vaults_variations,
          v_misc_14, ontoclasm_vaults_bender, vaults_standard_mumra_x,
          ontoclasm_vaults_twist, v_misc_4, v_pattern_5, vaults_dpeg_hooks,
          v_misc_19, hangedman_vaults_cutoff, serial_shops,
          nicolae_shop_waterfront, shop
Vaults:5: serial_shops
Crypt:1:  gammafunk_ghost_grave
Crypt:2:  gammafunk_ghost_cemetery, grunt_megastairs_3
Crypt:3:  cryptofortress_bobbens
Depths:1: enter_ziggurat_c, hangedman_decor_diamond_cutter, lightli_too_deep,
          grunt_ministairs_6, minmay_protected_statue
Depths:2: cheibrodos_leafed_vault, pan_entry, hell_entry
Depths:3: constructs_gauntlet_mu_hangedman, special_room, abyss_entry_crystal,
          pan_entry, minmay_misc_feat_diagonals, hell_entry,
          nicolae_transmutations_shop, uniq_asterion, uniq_boris, uniq_mara
Depths:4: cheibrodos_witchhunters_guild, pf_hell_entry_great_geh,
          serial_hangedman_research, hangedman_research_metamorphosis,
          hangedman_research_thanatology, hangedman_research_probablistics,
          hangedman_research_toxicology, nicolae_abyss_entry_one_way_or_another,
          kennysheep_pointless_box, nrook_mini_backslash,
          minmay_shop_grid_forest, uniq_frederick
Depths:5: evilmike_zot_entry_round, grunt_decor_one_mirror,
          grunt_pan_entry_spiral, hell_entry,
          hangedman_abyss_or_decor_lesser_grid, spider_trap,
          hangedman_decor_peaks_small
Zot:1:    nicolae_zot_draconian_monastery, grunt_ministairs_14
Zot:2:    basic_altar
Zot:3:    zot_minivault_1
Zot:4:    st_stairs_4
Lab:      nicolae_lab_x, nicolae_lab_quarters, nicolae_lab_checkerboard,
          nicolae_lab_garden, nicolae_lab_hexagon, nicolae_lab_swirl,
          nicolae_lab_starburst, nicolae_lab_blocks, labyrinth_skeletal_remains,
          nicolae_lab_grate_2, nicolae_lab_diamond, nicolae_lab_very_dead_end
Sewer:    sewer_co_cracked_pipes
IceCv:    ice_cave_tombish

Table legend:
 A = Turns spent in this place as a percentage of turns spent in the entire game.
 B = Non-inter-level travel turns spent in this place as a percentage of non-inter-level travel turns spent in the entire game.
 C = Inter-level travel turns spent in this place as a percentage of turns spent in this place.
 D = Turns resting spent in this place as a percentage of non-inter-level travel turns spent in this place.
 E = Turns spent auto-exploring this place as a percentage of non-inter-level travel turns spent in this place.
 F = Non-inter-level travel turns spent in this place divided by the number of levels of this place that you've seen.
                   A       B       C       D       E      F
               +-------+-------+-------+-------+-------+----------------------
         Total | 100.0 | 100.0 |   9.6 |  14.0 |  62.9 | 1252.3
       Dungeon |  23.9 |  22.8 |  13.5 |   8.2 |  69.7 | 1180.5
        Temple |   0.2 |   0.2 |   0.6 |   0.0 |  89.7 | 155.0
          Lair |  11.2 |  11.0 |  10.7 |  16.2 |  61.3 | 1429.5
        Shoals |   6.5 |   6.9 |   4.5 |   9.2 |  74.7 | 1334.0
     Snake Pit |   9.5 |  10.1 |   4.7 |  20.3 |  59.9 | 1953.0
    Slime Pits |   1.8 |   1.9 |   4.3 |  64.8 |   3.0 | 295.8
  Orcish Mines |   3.0 |   2.9 |  10.8 |  11.0 |  60.2 | 1136.5
   Elven Halls |   3.9 |   3.8 |  12.5 |   1.7 |  71.5 | 979.7
        Vaults |  12.9 |  12.6 |  11.7 |  10.7 |  63.0 | 1961.8
         Crypt |   3.6 |   3.8 |   4.4 |   3.2 |  69.5 | 995.0
        Depths |  13.6 |  13.7 |   9.3 |  22.8 |  56.4 | 2124.8
          Hell |   0.6 |   0.7 |   4.6 |   0.0 |  61.1 | 517.0
           Zot |   7.5 |   7.7 |   7.2 |  11.9 |  65.8 | 1198.6
     Labyrinth |   0.2 |   0.3 |   0.0 |   0.0 |   0.0 | 196.0
         Sewer |   0.4 |   0.5 |   0.0 |   7.8 |  55.5 | 373.0
      Ice Cave |   1.0 |   1.1 |   0.0 |  40.7 |  22.1 | 868.0
               +-------+-------+-------+-------+-------+----------------------

Table legend:
 A = Kills in this place as a percentage of kills in entire the game.
 B = Kills by you in this place as a percentage of kills by you in the entire game.
 C = Kills by friends in this place as a percentage of kills by friends in the entire game.
 D = Other kills in this place as a percentage of other kills in the entire game.
 E = Experience gained in this place as a percentage of experience gained in the entire game.
 F = Experience gained in this place divided by the number of levels of this place that you have seen.
                   A       B       C       D       E      F
               +-------+-------+-------+-------+-------+----------------------
         Total | 100.0 | 100.0 | 100.0 | 100.0 | 100.0 | 31499.0
       Dungeon |  17.7 |  18.4 |   0.0 |   0.0 |   4.4 | 5726.7
          Lair |   8.8 |   9.0 |   0.0 |  33.3 |   3.3 | 10875.7
        Shoals |   5.8 |   6.0 |   0.0 |   0.0 |   4.6 | 22349.8
     Snake Pit |   7.9 |   8.2 |   0.0 |   0.0 |   7.3 | 35570.0
    Slime Pits |   3.2 |   2.7 |  19.1 |   0.0 |   3.0 | 11836.2
  Orcish Mines |   4.1 |   4.3 |   0.0 |   0.0 |   1.1 | 11016.0
   Elven Halls |   4.8 |   4.9 |   2.1 |  22.2 |   5.9 | 38304.7
        Vaults |  17.2 |  16.6 |  34.0 |  22.2 |  20.9 | 81487.6
         Crypt |   6.1 |   6.0 |   8.5 |   0.0 |   6.2 | 40117.7
        Depths |  13.0 |  12.5 |  27.7 |  11.1 |  18.9 | 73734.6
          Hell |   2.2 |   2.2 |   2.1 |   0.0 |   2.2 | 43209.0
           Zot |   7.4 |   7.4 |   6.4 |  11.1 |  21.8 | 85179.8
     Labyrinth |   0.4 |   0.4 |   0.0 |   0.0 |   0.2 | 3768.0
         Sewer |   0.6 |   0.6 |   0.0 |   0.0 |   0.0 |  77.0
      Ice Cave |   0.7 |   0.8 |   0.0 |   0.0 |   0.2 | 4561.0
               +-------+-------+-------+-------+-------+----------------------
